 Dungeon Crawl Stone Soup version 0.30-a0-169-g06f667207d (webtiles) character file.

Game seed: 9508492633009719929

547298 qw the Slayer (level 26, -4/192 HPs)
             Began as a Gargoyle Fighter on Sept 29, 2022.
             Was an Elder of Okawaru.
             Killed by divine providence
             ... invoked by a royal mummy
              (11 damage)
             ... on level 1 of the Tomb of the Ancients on Sept 30, 2022.
             The game lasted 00:30:26 (58053 turns).

qw the Slayer (Gargoyle Fighter)                   Turns: 58053, Time: 00:30:26

Health: -4/192     AC: 68    Str: 39      XL:     26   Next: 19%
Magic:  30/30      EV: 19    Int:  8 (11) God:    Okawaru [****..]
Gold:   3197       SH: 38    Dex:  9      Spells: 25/25 levels left

rFire   + . .      SeeInvis +    n - +9 broad axe (vamp)
rCold   + + +      Faith    .    G - +10 tower shield "Ediodgh" {Rampage Drain rF+ rC+++}
rNeg    + + +      Spirit   .    M - +9 plate armour of Okawaru, Protecting {Rampage rN+ rCorr}
rPois   inf        Reflect  +    z - +2 helmet of Cywn {Contam rC+ rN+ Str+3}
rElec   +          Harm     .    A - +2 cloak
rCorr   +          Rampage  +    E - +2 pair of gloves "Ecopupu" {-Cast rC+ Stlth+}
Will    ++...      NoCast   +    y - +2 pair of boots
Stlth   ..........               w - amulet of reflection
HPRegen 0.42/turn                s - ring "Malaef" {Will+ Str+6 SInv}
MPRegen 0.22/turn                v - +5 ring of evasion

@: about to teleport, heroic, flying, slowed, very slow
A: sickness immunity, AC +20, big wings, negative energy resistance 1,
electricity resistance, torment resistance 1, petrification resistance
}: 3/15 runes: decaying, serpentine, silver
a: Renounce Religion, Heroism, Finesse


You were on level 1 of the Tomb of the Ancients.
You worshipped Okawaru.
Okawaru was greatly pleased with you.
You visited 11 branches of the dungeon, and saw 48 of its levels.
You visited the Abyss 1 time.
You also visited: Ossuary.

You collected 7536 gold pieces.
You spent 4339 gold pieces at shops.


Innate Abilities, Weirdness & Mutations

You are immune to sickness and miasma.
Your stone body is resilient. (AC +20)
You are immune to poison.
Your large and strong wings let you fly.
You resist negative energy. (rN+)
You are resistant to electric shocks. (rElec)
You are resistant to unholy torment.
You are immune to petrification.


   Skills:
 + Level 26.6(27) Fighting
 - Level 18.0(23.0) Axes
 - Level 14.0(19.0) Throwing
 - Level 22.0(27) Armour
 - Level 9.0(14.0) Dodging
 - Level 22.0(27) Shields
 + Level 10.6 Invocations


You had 25 spell levels left.
You didn't know any spells.
Your spell library was empty.

Inventory:

Hand Weapons
 n - a +9 vampiric broad axe (weapon)
Missiles
 c - 7 boomerangs (quivered)
Armour
 k - +0 gold dragon scales
 q - +4 fire dragon scales {Xtahua}
 y - a +2 pair of boots (worn)
 z - the +2 helmet of Cywn (worn) {Contam rC+ rN+ Str+3}
   (Okawaru gifted it to you on level 11 of the Dungeon)

   Str:       It affects your strength (+3).
   rC:        It protects you from cold.
   rN:        It protects you from negative energy.
   Contam:    It causes magical contamination when unequipped.
 A - a +2 cloak (worn)
 E - the +2 pair of gloves "Ecopupu" (worn) {-Cast rC+ Stlth+}
   (You acquired it on level 1 of the Snake Pit)

   rC:        It protects you from cold.
   -Cast:     It prevents spellcasting.
   Stlth:     It makes you more stealthy.
 G - the +10 tower shield "Ediodgh" (worn) {Rampage Drain rF+ rC+++}
   (Okawaru gifted it to you on level 1 of the Vaults)

   rF:        It protects you from fire.
   rC:        It renders you almost immune to cold.
   Drain:     It drains your maximum health when unequipped.
   Rampage:   It bestows one free step when moving towards enemies.
 J - the +0 pair of gloves of Temperance {rF+ Str-5 Int+4 Stlth+}
   (You bought it in a shop on level 4 of the Snake Pit)

   Str:       It affects your strength (-5).
   Int:       It affects your intelligence (+4).
   rF:        It protects you from fire.
   Stlth:     It makes you more stealthy.
 M - the +9 plate armour of Okawaru, Protecting (worn) {Rampage rN+ rCorr}
   (Okawaru gifted it to you on level 5 of the Vaults)

   rN:        It protects you from negative energy.
   rCorr:     It protects you from acid and corrosion.
   Rampage:   It bestows one free step when moving towards enemies.
Jewellery
 e - a ring of resist corrosion
 s - the ring "Malaef" (left hand) {Will+ Str+6 SInv}
   (You found it on level 3 of the Crypt)

   [ring of strength]

   Str:       It affects your strength (+6).
   SInv:      It lets you see invisible.
   Will:      It increases your willpower.
 v - a +5 ring of evasion (right hand)
 w - an amulet of reflection (around neck)
 x - the ring "Fonui" {Ice rCorr Str+4}
   (You found it on level 14 of the Dungeon)

   [ring of ice]

   It enhances your ice magic.
   Str:       It affects your strength (+4).
   rF:        It makes you vulnerable to fire.
   rC:        It protects you from cold.
   rCorr:     It protects you from acid and corrosion.
 B - a ring of protection from fire
 C - a ring of resist corrosion
 D - the ring "Sichuipp" {rElec rF+ rN+ Str+3 Stlth+}
   (You found it on level 5 of the Vaults)

   [ring of positive energy]

   Str:       It affects your strength (+3).
   rF:        It protects you from fire.
   rElec:     It insulates you from electricity.
   rN:        It protects you from negative energy.
   Stlth:     It makes you more stealthy.
 F - the ring "Qupnaq" {Fly rC+ Dex-2 SInv}
   (You bought it in a shop on level 1 of the Dungeon)

   [ring of protection from cold]

   Dex:       It affects your dexterity (-2).
   rC:        It protects you from cold.
   SInv:      It lets you see invisible.
   Fly:       It grants you flight.
 H - the ring of Ishreitz {Fire rCorr Int-5 Dex+2}
   (You acquired it on level 1 of the Tomb of the Ancients)

   [ring of fire]

   It enhances your fire magic.
   Int:       It affects your intelligence (-5).
   Dex:       It affects your dexterity (+2).
   rF:        It protects you from fire.
   rC:        It makes you vulnerable to cold.
   rCorr:     It protects you from acid and corrosion.
 N - a ring of protection from cold
 O - the ring "Bideon" {rElec rPois rC++ Str+6 Int-4}
   (You bought it in a shop on level 1 of the Dungeon)

   [ring of strength]

   Str:       It affects your strength (+6).
   Int:       It affects your intelligence (-4).
   rC:        It greatly protects you from cold.
   rElec:     It insulates you from electricity.
   rPois:     It protects you from poison.
 Y - a +8 ring of strength
Scrolls
 f - 15 scrolls of teleportation
 g - 41 scrolls of identify
 o - 2 scrolls of enchant armour
 p - 5 scrolls of brand weapon
 u - 4 scrolls of enchant weapon
Potions
 a - 28 potions of curing
 b - 3 potions of cancellation
 d - 11 potions of might
 h - 9 potions of heal wounds
 i - 12 potions of mutation
 j - 15 potions of attraction
 l - 8 potions of haste
 m - 4 potions of resistance
 r - 10 potions of lignification
 t - a potion of magic

Dungeon Overview and Level Annotations

Branches:
Dungeon (15/15)            Temple (1/1) D:5            Lair (5/5) D:9
  Swamp (4/4) Lair:3        Snake (4/4) Lair:2        Slime (0/5) Lair:5
    Orc (2/2) D:12            Elf (0/3) Orc:2        Vaults (5/5) D:13
  Crypt (3/3) Vaults:3       Tomb (1/3) Crypt:3      Depths (4/4) D:15
    Zot (4/5) Depths:4    Ossuary (visited)

Altars:
Ashenzari
Cheibriados
Dithmenos
Elyvilon
Fedhas
Gozag
Hepliaklqana
Kikubaaqudgha
Makhleb
Nemelex Xobeh
Okawaru
Qazlal
Ru
Sif Muna
Trog
Uskayaw
Vehumet
Wu Jian
Xom
Yredelemnul
Zin
The Shining One
Lugonu

Shops:
D:1 =   D:3 ?   D:7 (   D:12 (   Orc:1 *   Orc:2 *[((   Snake:1 =?   Snake:3 *
Snake:4 [   Vaults:3 :   Vaults:5 (   Depths:3 (

Portals:
Hell: Depths:1 Depths:2 Depths:3 Depths:4
Abyss: Lair:5 Depths:1 Depths:3
Pandemonium: Depths:2
Ziggurat: Depths:4

Annotations:
D:4 2 runed translucent doors, qw's ghost, amateur GrFi
D:13 1 runed translucent door, qw's ghost, journeyman GrFi
Lair:5 1 runed translucent door
Snake:2 1 runed translucent door, mif's ghost, journeyman MiBe
Orc:1 1 transporter
Crypt:2 2 transporters, Hali's ghost, veteran FoFi; Jetyrhek's ghost, veteran GrEE; Ulecsuczon's ghost, veteran MiGl
Depths:1 1 runed translucent door
Depths:3 3 runed translucent doors, WeeknightWizard's ghost, veteran DEFE


Message History

The mummy priest mumbles some strange prayers to its god.
The emperor scorpion stings you but does no damage.
The emperor scorpion misses you. x2
You slash the emperor scorpion!
The emperor scorpion is almost dead.
You slice the death scarab!!
You destroy the death scarab!
The death scarab's corpse disappears in a puff of smoke!
You hit the flying skull but do no damage.
You slash the freezing wraith! You miss the death scarab.
You slash the revenant!
You hit the ancient champion but do no damage.
You block the death scarab's attack. The death scarab bites you!!
The death scarab drains your vigour!
You feel yourself slow down.
The ancient champion casts a spell at you.
The iron shot hits you!! You block the flying skull's attack.
The neqoxec gestures at you.
Something tries to feed on your intellect!
The freezing wraith misses you. You block the freezing wraith's attack.
58053 ||| READING 16 scrolls of teleportation.
As you read the scroll of teleportation, it crumbles to dust.
You feel strangely unstable. You block the death scarab's attack. x3
You block the ancient champion's attack.
The flying skull hits you but does no damage.
You block the emperor scorpion's attack.
The emperor scorpion claws you but does no damage.
The emperor scorpion closely misses you.
The royal mummy gestures at you while chanting.
Something smites you!
The revenant blinks!
You block the death scarab's attack. The ancient champion misses you.
The flying skull hits you but does no damage.
The emperor scorpion stings you!
The emperor scorpion claws you but does no damage.
The emperor scorpion barely misses you. The freezing wraith misses you.
You block the freezing wraith's attack.
The mummy priest utters an invocation to its god.
The royal mummy casts a spell at you. Something smites you!
You die... .....z.W.M.^# ......z.M.3.# ..M..M.....^# ..W.WMW3z...# ...M4VMWs...# .zMBBsMBZB..###

..WW3zBBz9.....
.^nMnsz@W.^....
#####.s.B...###
##9''''##
#.......#
#.8...8.#
#.......#
#.......#
#.8...8.#
#.......#


You could see 2 royal mummies, 4 emperor scorpions, 2 revenants, an ancient
champion (fast), 5 mummy priests, 3 flayed ghosts, an orange demon (summoned), 2
ushabtiu, 3 freezing wraiths, a smoke demon (summoned), 2 neqoxecs, a vampire
(summoned), 7 death scarabs, 2 necrophages, 2 shadows, 2 flying skulls, 3
mummies, 2 wights and a spriggan defender simulacrum (summoned).

Vanquished Creatures
  2 ancient liches
  Mennas (Vaults:5)
  Vashnia (Snake:3)
  2 curse toes
  Xtahua (Crypt:1)
  A Killer Klown (Zot:3)
  Margery (Vaults:3)
  A bone dragon (Depths:4)
  Nikola (Swamp:2)
  7 golden dragons
  6 electric golems
  Mlioglotl (Swamp:2)
  2 walking crystal tomes
  11 tentacled monstrosities
  3 walking frostbound tomes
  A walking earthen tome (Depths:3)
  3 liches
  A quicksilver dragon (Zot:4)
  7 titans
  4 tengu reavers
  9 ancient champions
  10 sphinxes
  7 death cobs
  4 draconian monks
  Kirke (Lair:5)
  5 thorn hunters
  Agnes (Snake:2)
  8 storm dragons
  11 shadow dragons
  8 fire giants
  Roxanne (Snake:3)
  Donald (Orc:2)
  6 nagarajas
  5 revenants
  A deep elf sorcerer (Vaults:5)
  A draconian knight (Zot:3)
  18 vault wardens
  An iron dragon (Vaults:5)
  3 ghost moths
  Aizul (Swamp:2)
  7 draconian scorchers
  A hydra zombie (Swamp:4)
  3 orc warlords
  6 frost giants
  3 draconian shifters
  3 spriggan defenders (Depths:4)
  6 ghouls
  2 curse skulls (Crypt:1)
  A caustic shrike zombie (Crypt:2)
  4 draconian annihilators (Zot:3)
  A war gargoyle (Vaults:5)
  25 very ugly things
  A draconian stormcaller (Zot:1)
  7 ironbound thunderhulks
  10 ironbound preservers
  16 stone giants
  2 deep elf demonologists (Vaults:5)
  10 white draconians
  2 bennus (Tomb:1)
  6 purple draconians
  9 vampire knights
  10 yellow draconians
  14 black draconians
  7 green draconians
  8 red draconians
  A deep elf annihilator (Depths:1)
  4 bunyips
  5 dire elephants
  6 spark wasps
  6 deep elf death magi
  3 eidola
  A crystal guardian (Vaults:2)
  13 ettins
  3 mummy priests (Tomb:1)
  A merfolk impaler (Depths:2)
  15 jiangshi
  Josephine (D:11)
  4 fire dragons
  A shambling mangrove (Swamp:2)
  A quicksilver dragon zombie (Crypt:2)
  11 yaktaur captains
  A fenstrider witch zombie (Crypt:3)
  3 deep elf high priests
  5 great orbs of eyes
  A quicksilver dragon skeleton (Depths:2)
  5 salamander tyrants
  A peacekeeper (Vaults:2)
  11 ice dragons
  28 vault guards
  A bennu zombie (Crypt:1)
  3 ghost crabs
  14 hydras
  A rakshasa (Depths:2)
  6 ogre magi
  3 spriggan air magi
  A catoblepas (Lair:2)
  7 ironbound frosthearts
  26 two-headed ogres
  3 centaur warriors
  2 death knights (Crypt:1)
  15 anacondas
  10 boulder beetles
  8 dancing weapons
  8 alligators
  2 death yaks (Lair:4)
  12 vampire magi
  3 tengu warriors
  16 naga warriors
  11 deep troll shamans
  A satyr (shapeshifter) (Vaults:5)
  A bennu skeleton (Crypt:2)
  6 deep troll earth magi
  A titan zombie (Crypt:1)
  2 orc high priests
  2 thrashing horrors (Lair:5)
  12 shock serpents
  3 spriggan berserkers
  10 death scarabs (Tomb:1)
  15 naga sharpshooters
  6 hell knights
  2 soul eaters
  Sonja (D:12)
  A sixfirhy (Zot:3)
  3 shadow wraiths
  A bunyip zombie (Crypt:2)
  7 iron trolls
  3 goliath frogs
  8 salamander mystics
  21 skeletal warriors
  An iron giant zombie (Crypt:2)
  12 lindwurms
  6 flayed ghosts
  8 wizards
  2 glowing orange brains (Vaults:1)
  56 deep trolls
  4 spriggan druids
  5 spectral hydras (Swamp:4)
  An orb spider (shapeshifter) (Vaults:4)
  3 bog bodies
  12 naga ritualists
  10 swamp dragons
  A deep troll (shapeshifter) (Vaults:5)
  A bunyip skeleton (Crypt:2)
  10 necromancers
  18 phantasmal warriors
  2 golden dragon zombies
  A lindwurm (shapeshifter) (Depths:4)
  19 ironbound convokers
  8 orc knights
  3 deep elf pyromancers
  A deep elf zephyrmancer (Depths:1)
  A harpy (shapeshifter) (Lair:5)
  20 mana vipers
  A salamander (shapeshifter) (Vaults:5)
  A stone giant zombie (Crypt:3)
  3 manticores
  A will-o-the-wisp (Swamp:1)
  2 shining eyes (shapeshifter)
  33 ugly things
  An oklob plant (Swamp:4)
  An iron dragon zombie (Tomb:1)
  24 salamanders
  18 moths of wrath
  A centaur zombie (Crypt:3)
  2 orc sorcerers (Depths:1)
  An orc zombie (Crypt:2)
  A moth of wrath (shapeshifter) (D:14)
  An elephant (shapeshifter) (Vaults:5)
  4 cyclopes
  A goliath frog skeleton (Crypt:2)
  9 guardian serpents
  14 naga magi
  2 fire giant skeletons (Depths:2)
  2 dire elephant zombies
  2 torpor snails (Lair:4)
  A smoke demon (Lair:5)
  10 elephants
  50 black mambas
  24 vault sentinels
  3 gargoyles
  2 torpor snails (shapeshifter) (Vaults:5)
  A minotaur zombie (Crypt:1)
  A yaktaur zombie (Vaults:1)
  A centaur skeleton (Crypt:2)
  11 cane toads
  2 kobold demonologists
  An unseen horror (D:11)
  6 freezing wraiths
  35 yaktaurs
  A dire elephant skeleton (Crypt:2)
  2 human zombies
  3 rime drakes
  3 efreet
  2 yaktaurs (shapeshifter)
  3 komodo dragons
  3 ancient zymes (Lair:5)
  A death yak skeleton (Crypt:3)
  3 guardian mummies (Tomb:1)
  A yellow draconian skeleton (Crypt:2)
  5 tengu conjurers
  3 death drake zombies (Swamp:4)
  14 tyrant leeches
  6 trolls
  15 hornets
  A shadow dragon simulacrum (Crypt:2)
  A wind drake (shapeshifter) (Vaults:5)
  A polar bear (Lair:3)
  A merfolk (shapeshifter) (Vaults:5)
  3 spriggan zombies
  43 slime creatures
  3 raiju (Zot:3)
  A tarantella (shapeshifter) (Vaults:5)
  A harpy skeleton (Crypt:3)
  22 blink frogs
  10 flying skulls
  An elf zombie (Vaults:1)
  An iron dragon simulacrum (Crypt:3)
  2 hydra skeletons (Swamp:4)
  A death drake skeleton (Swamp:4)
  An ettin skeleton (Crypt:2)
  15 spriggans
  A shadow (D:12)
  2 large abominations (Lair:5)
  2 ynoxinuls (Lair:5)
  4 vampires (Crypt:3)
  4 hogs (Lair:5)
  A spriggan (shapeshifter) (Vaults:5)
  8 wraiths
  8 basilisks
  A yak (shapeshifter) (D:14)
  2 water elementals
  A wind drake zombie (Crypt:3)
  47 yaks
  6 wyverns
  3 ushabtiu (Tomb:1)
  2 chaos spawn (Lair:5)
  A human (Lair:5)
  A human (shapeshifter) (D:13)
  17 vampire mosquitoes
  A harpy simulacrum (Crypt:3)
  57 nagas
  A fire bat zombie (Crypt:3)
  A swamp worm (shapeshifter) (Depths:4)
  2 naga zombies
  2 glowing shapeshifter zombies
  7 acid dragons
  18 swamp worms
  15 water moccasins
  A hydra simulacrum (Swamp:4)
  A floating eye (Depths:2)
  16 orc warriors
  A glowing shapeshifter skeleton (Vaults:2)
  A naga skeleton (Crypt:2)
  2 sky beasts
  An ettin simulacrum (Vaults:2)
  6 swamp drakes
  A snapping turtle zombie (Crypt:2)
  7 black bears
  A black bear (shapeshifter) (Vaults:5)
  A swamp dragon zombie (Swamp:4)
  26 ogres
  5 boggarts (Vaults:1)
  16 wolves
  3 human skeletons
  A dream sheep skeleton (Crypt:2)
  4 centaurs
  A swamp dragon skeleton (Swamp:4)
  A hog skeleton (Crypt:3)
  4 kobold brigands
  A draconian zombie (Crypt:3)
  13 bullfrogs
  A salamander skeleton (Crypt:3)
  A gnoll sergeant (D:7)
  4 scorpions
  3 necrophages
  14 small abominations (Lair:5)
  A naga simulacrum (Crypt:3)
  An elf skeleton (Crypt:2)
  A wyvern skeleton (Crypt:1)
  A raiju zombie (Crypt:1)
  A killer bee (D:11)
  7 howler monkeys
  7 electric eels
  2 hounds
  3 jellies
  17 orc priests
  A bullfrog skeleton (Crypt:3)
  Natasha (thrice) (D:2)
  2 iguanas
  29 orc wizards
  5 lightning spires (Zot:3)
  A deep dwarf zombie (Crypt:1)
  An ogre skeleton (Crypt:1)
  10 mummies
  Robin (D:3)
  5 gnolls (D:7)
  10 adders
  3 shadow imps
  2 ufetubi
  An iguana zombie (Crypt:2)
  A worm (D:5)
  2 dart slugs
  69 orcs
  5 ball pythons
  5 bats
  3 endoplasms
  4 giant cockroaches
  19 goblins
  6 hobgoblins
  11 jackals
  14 kobolds
  8 quokkas
  A river rat zombie (Crypt:3)
  3 frilled lizards
  4 goblin zombies (Ossuary)
  3 hobgoblin zombies (Ossuary)
  A jackal skeleton (Crypt:3)
  4 kobold zombies (Ossuary)
  6 rats
  A river rat skeleton (Crypt:3)
  A spectral goblin (D:2)
  A ball lightning (Zot:3)
2002 creatures vanquished.

Vanquished Creatures (others)
  A draconian shifter (Zot:3)
  A naga mage (Snake:4)
  A bloated husk (Swamp:3)
  A spriggan (Swamp:4)
  3 nagas
  4 ball lightnings (Zot:3)
  A briar patch (Swamp:2)
  6 foxfires (Swamp:1)
  28 fungi
  95 plants
141 creatures vanquished.

Grand Total: 2143 creatures vanquished

Notes
Turn   | Place    | Note
-------+----------+-------------------------------------------
     0 | D:1      | qw the Gargoyle Fighter began the quest for the Orb.
     0 | D:1      | Reached XP level 1. HP: 14/14 MP: 1/1
     0 | D:1      | 0 ||| qw: Version: 0.2-a-12-gaebbb33
     0 | D:1      | 0 ||| qw: Game counter: 1361
     0 | D:1      | 0 ||| qw: Always use a shield: true
     0 | D:1      | 0 ||| qw: God list: Okawaru
     0 | D:1      | 0 ||| qw: Allow faded altars: false
     0 | D:1      | 0 ||| qw: Do Orc after D:15 true
     0 | D:1      | 0 ||| qw: Do second Lair branch before Depths: true
     0 | D:1      | 0 ||| qw: Lair rune preference: random
     0 | D:1      | 0 ||| qw: Plans: Normal, Zot:1-4, God:TSO, Crypt, Tomb,
                  | Pan, Slime:5, Hells, Abyss, Orb
     0 | D:1      | 0 ||| PLANNING D:1-11
   222 | D:1      | 222 ||| READING scroll labelled DAIMMO NAJALAD.
   223 | D:1      | 223 ||| READING scroll labelled KIRHEN YNALUGE.
   224 | D:1      | 224 ||| READING scroll labelled NEUNET TOTUJ.
   268 | D:1      | Reached XP level 2. HP: 19/19 MP: 2/2
   333 | D:1      | Found Ovelosy's One-of-a-Kind Rings.
   359 | D:1      | 359 ||| SHOPLISTING +3 ring of slaying (585 gold, have 73).
   359 | D:1      | 359 ||| SHOPLISTING +5 ring of evasion (715 gold, have 73).
   359 | D:1      | 359 ||| SHOPLISTING +8 ring of strength (715 gold, have
                  | 73).
   359 | D:1      | 359 ||| SHOPLISTING ring "Bideon" {rElec rPois rC++ Str+6
                  | Int-4} (822 gold, have 73).
   359 | D:1      | 359 ||| SHOPLISTING ring "Qupnaq" {Fly rC+ Dex-2 SInv} (443
                  | gold, have 73).
   359 | D:1      | 359 ||| SHOPLISTING ring "Ufuugg" {Str+6 Int+6 Dex-5} (586
                  | gold, have 73).
   601 | D:1      | 601 ||| READING scroll labelled IQIWNA DYDAH.
   602 | D:1      | 602 ||| READING 2 scrolls labelled BAZ ICWYIMUIZO.
   603 | D:1      | 603 ||| READING 2 scrolls of identify.
   603 | D:1      | 603 ||| IDENTIFYING glowing orange potion
   604 | D:1      | 604 ||| DROPPING potion of flight.
   605 | D:1      | 605 ||| DROPPING scroll of summoning.
   634 | D:2      | 634 ||| STAIRDANCE
   780 | D:2      | Reached skill level 3 in Axes
   809 | D:2      | Reached XP level 3. HP: 22/23 MP: 3/3
   854 | D:2      | 854 ||| Stepping ~*~*~tactically~*~*~ (stealth).
  1097 | D:2      | 1097 ||| Stepping ~*~*~tactically~*~*~ (stealth).
  1100 | D:2      | 1100 ||| Stepping ~*~*~tactically~*~*~ (stealth).
  1104 | D:2      | 1104 ||| Stepping ~*~*~tactically~*~*~ (stealth).
  1118 | D:2      | Noticed Natasha
  1122 | D:2      | Killed Natasha
  1123 | D:2      | Reached XP level 4. HP: 23/28 MP: 4/4
  1184 | D:2      | 1184 ||| Stepping ~*~*~tactically~*~*~ (stealth).
  1186 | D:2      | 1186 ||| Stepping ~*~*~tactically~*~*~ (stealth).
  1191 | D:2      | 1191 ||| Stepping ~*~*~tactically~*~*~ (stealth).
  1258 | D:2      | Found a faded altar of an unknown god.
  1318 | D:2      | Noticed Natasha
  1332 | D:2      | Killed Natasha
  1333 | D:2      | Reached XP level 5. HP: 28/32 MP: 5/5
  1453 | D:2      | Noticed Natasha
  1464 | D:2      | HP: 7/32 [Natasha (2)]
  1465 | D:2      | Killed Natasha
  1894 | D:2      | 1894 ||| UPGRADING to ring of resist corrosion.
  1895 | D:2      | 1895 ||| READING 2 scrolls of identify.
  1895 | D:2      | 1895 ||| IDENTIFYING silvery potion
  1896 | D:2      | 1896 ||| DROPPING potion of berserk rage.
  1992 | D:3      | Found Zubatz's Magic Scroll Shop.
  1998 | D:3      | 1998 ||| BUYING 2 scrolls of identify (52 gold).
  1998 | D:3      | Bought 2 scrolls of identify for 52 gold pieces
  1998 | D:3      | 1998 ||| SHOPLISTING 3 scrolls of identify (78 gold, have
                  | 49).
  1998 | D:3      | 1998 ||| SHOPLISTING scroll of brand weapon (123 gold, have
                  | 49).
  1998 | D:3      | 1998 ||| BUYING scroll of identify (26 gold).
  1998 | D:3      | Bought a scroll of identify for 26 gold pieces
  1998 | D:3      | 1998 ||| SHOPLISTING scroll of identify (26 gold, have 23).
  1998 | D:3      | 1998 ||| SHOPLISTING scroll of teleportation (39 gold, have
                  | 23).
  2282 | D:3      | Reached skill level 4 in Fighting
  2524 | D:3      | Noticed Robin
  2525 | D:3      | 2525 ||| Stepping ~*~*~tactically~*~*~ (stealth).
  2538 | D:3      | 2538 ||| Stepping ~*~*~tactically~*~*~ (stealth).
  2540 | D:3      | 2540 ||| Stepping ~*~*~tactically~*~*~ (hiding).
  2551 | D:3      | Reached XP level 6. HP: 37/38 MP: 6/6
  2563 | D:3      | 2563 ||| Stepping ~*~*~tactically~*~*~ (hiding).
  2565 | D:3      | 2565 ||| Stepping ~*~*~tactically~*~*~ (hiding).
  2854 | D:3      | 2854 ||| Stepping ~*~*~tactically~*~*~ (hiding).
  2870 | D:3      | Killed Robin
  2871 | D:3      | Reached skill level 1 in Dodging
  3090 | D:3      | 3090 ||| UPGRADING to +0 helmet.
  3095 | D:3      | 3095 ||| READING scroll labelled MORAGR ASURUMOX.
  3096 | D:3      | 3096 ||| READING scroll labelled FEYRUPA YBLAL.
  3197 | D:3      | 3197 ||| READING scroll labelled HIUNIT XOQOM.
  3198 | D:3      | 3198 ||| READING scroll labelled FOREKE KETUALO.
  3199 | D:3      | 3199 ||| READING 4 scrolls of identify.
  3199 | D:3      | 3199 ||| IDENTIFYING purple potion
  3200 | D:3      | 3200 ||| READING 3 scrolls of identify.
  3200 | D:3      | 3200 ||| IDENTIFYING bubbling puce potion
  3201 | D:3      | 3201 ||| READING 2 scrolls of identify.
  3201 | D:3      | 3201 ||| IDENTIFYING fizzy orange potion
  3202 | D:3      | 3202 ||| DROPPING potion of degeneration.
  3219 | D:3      | 3219 ||| FLEEEEING.
  3237 | D:3      | 3237 ||| FLEEEEING.
  3238 | D:3      | 3238 ||| FLEEEEING.
  3239 | D:3      | 3239 ||| FLEEEEING.
  3240 | D:3      | 3240 ||| FLEEEEING.
  3241 | D:3      | 3241 ||| FLEEEEING.
  3246 | D:3      | 3246 ||| FLEEEEING.
  3247 | D:3      | 3247 ||| FLEEEEING.
  3248 | D:3      | 3248 ||| FLEEEEING.
  3249 | D:3      | 3249 ||| FLEEEEING.
  3250 | D:3      | 3250 ||| FLEEEEING.
  3251 | D:3      | 3251 ||| FLEEEEING.
  3252 | D:3      | 3252 ||| FLEEEEING.
  3253 | D:3      | 3253 ||| FLEEEEING.
  3254 | D:3      | 3254 ||| FLEEEEING.
  3257 | D:3      | 3257 ||| FLEEEEING.
  3258 | D:3      | 3258 ||| FLEEEEING.
  3259 | D:3      | 3259 ||| FLEEEEING.
  3260 | D:3      | 3260 ||| FLEEEEING.
  3261 | D:3      | 3261 ||| FLEEEEING.
  3262 | D:3      | 3262 ||| FLEEEEING.
  3267 | D:3      | 3267 ||| FLEEEEING.
  3268 | D:3      | 3268 ||| FLEEEEING.
  3269 | D:3      | 3269 ||| FLEEEEING.
  3270 | D:3      | 3270 ||| FLEEEEING.
  3275 | D:3      | 3275 ||| FLEEEEING.
  3276 | D:3      | 3276 ||| FLEEEEING.
  3277 | D:3      | 3277 ||| STAIRDANCE
  3281 | D:3      | 3281 ||| STAIRDANCE
  3285 | D:3      | 3285 ||| STAIRDANCE
  3290 | D:3      | 3290 ||| STAIRDANCE
  3294 | D:3      | 3294 ||| STAIRDANCE
  3298 | D:3      | 3298 ||| STAIRDANCE
  3302 | D:3      | 3302 ||| STAIRDANCE
  3306 | D:3      | 3306 ||| STAIRDANCE
  3310 | D:3      | 3310 ||| STAIRDANCE
  3314 | D:3      | 3314 ||| STAIRDANCE
  3318 | D:3      | 3318 ||| STAIRDANCE
  3322 | D:3      | 3322 ||| STAIRDANCE
  3326 | D:3      | 3326 ||| STAIRDANCE
  3330 | D:3      | 3330 ||| STAIRDANCE
  3334 | D:3      | 3334 ||| STAIRDANCE
  3338 | D:3      | 3338 ||| STAIRDANCE
  3342 | D:3      | 3342 ||| STAIRDANCE
  3346 | D:3      | 3346 ||| STAIRDANCE
  3350 | D:3      | 3350 ||| STAIRDANCE
  3354 | D:3      | 3354 ||| STAIRDANCE
  3504 | D:4      | 3504 ||| DROPPING +0 club.
  3594 | D:4      | 3594 ||| READING scroll of teleportation.
  3774 | D:4      | Found a runed translucent door.
  3779 | D:4      | Noticed qw's ghost (amateur GrFi)
  3942 | D:4      | You fall into a shaft and drop 1 floor!
  3942 | D:5      | Entered Level 5 of the Dungeon
  3946 | D:5      | Found a staircase to the Ecumenical Temple.
  3952 | D:5      | 3952 ||| Stepping ~*~*~tactically~*~*~ (stealth).
  4100 | D:4      | Found a runed translucent door.
  4298 | D:4      | 4298 ||| READING scroll of enchant armour.
  4298 | D:4      | 4298 ||| ENCHANTING +0 helmet.
  4388 | D:5      | Reached skill level 6 in Axes
  4403 | D:5      | 4403 ||| PLANNING TEMPLE
  4406 | D:5      | Reached XP level 7. HP: 43/43 MP: 7/7
  4406 | D:5      | 4406 ||| READING 2 scrolls of identify.
  4406 | D:5      | 4406 ||| IDENTIFYING pink potion
  4415 | Temple   | Entered the Ecumenical Temple
  4511 | Temple   | 4511 ||| PLANNING OKAWARU WORSHIP
  4568 | Temple   | Became a worshipper of Warmaster Okawaru
  4569 | Temple   | 4569 ||| PLANNING D:1-11
  4649 | D:5      | 4649 ||| DROPPING +0 whip.
  5225 | D:5      | Reached skill level 5 in Fighting
  5298 | D:5      | 5298 ||| READING scroll of enchant armour.
  5298 | D:5      | 5298 ||| ENCHANTING +1 helmet.
  5395 | D:5      | 5395 ||| UPGRADING to +6 ring of dexterity.
  5396 | D:5      | 5396 ||| READING scroll labelled YNAL HAIG URU.
  5397 | D:5      | 5397 ||| READING scroll labelled KECULU PETZ.
  5397 | D:5      | Identified a scroll of acquirement
  5397 | D:5      | 5397 ||| ACQUIRING +7 vorpal broad axe
  5397 | D:5      | Acquired a +7 vorpal broad axe
  5399 | D:5      | 5399 ||| SWAPPING to +7 vorpal broad axe.
  5400 | D:5      | 5400 ||| DROPPING +0 war axe of draining.
  5401 | D:5      | 5401 ||| READING 2 scrolls of identify.
  5401 | D:5      | 5401 ||| IDENTIFYING brown potion
  5424 | D:6      | 5424 ||| PLANNING OSSUARY
  5426 | D:6      | 5426 ||| Stepping ~*~*~tactically~*~*~ (hiding).
  5431 | D:6      | Reached XP level 8. HP: 45/49 MP: 8/8
  5440 | D:6      | 5440 ||| FLEEEEING.
  5441 | D:6      | 5441 ||| FLEEEEING.
  5442 | D:6      | 5442 ||| FLEEEEING.
  5443 | D:6      | 5443 ||| STAIRDANCE
  5589 | D:6      | 5589 ||| Stepping ~*~*~tactically~*~*~ (stealth).
  5599 | D:6      | 5599 ||| Stepping ~*~*~tactically~*~*~ (hiding).
  5600 | D:6      | 5600 ||| Stepping ~*~*~tactically~*~*~ (stealth).
  5648 | D:6      | Reached * piety under Okawaru
  5654 | D:6      | Reached skill level 1 in Invocations
  5723 | D:6      | 5723 ||| Stepping ~*~*~tactically~*~*~ (stealth).
  5724 | D:6      | 5724 ||| Stepping ~*~*~tactically~*~*~ (stealth).
  5725 | D:6      | 5725 ||| Stepping ~*~*~tactically~*~*~ (stealth).
  5752 | D:6      | 5752 ||| Stepping ~*~*~tactically~*~*~ (stealth).
  5753 | D:6      | 5753 ||| Stepping ~*~*~tactically~*~*~ (stealth).
  5754 | D:6      | 5754 ||| Stepping ~*~*~tactically~*~*~ (stealth).
  5757 | D:6      | 5757 ||| INVOKING Heroism.
  5800 | D:6      | 5800 ||| INVOKING Heroism.
  5820 | D:6      | 5820 ||| DROPPING +2 whip of electrocution.
  5913 | D:6      | 5913 ||| Stepping ~*~*~tactically~*~*~ (stealth).
  5914 | D:6      | 5914 ||| Stepping ~*~*~tactically~*~*~ (stealth).
  5923 | D:6      | Reached skill level 3 in Invocations
  6017 | D:6      | Found a sand-covered staircase.
  6018 | D:6      | 6018 ||| UPGRADING to +0 chain mail.
  6028 | D:6      | 6028 ||| DROPPING +0 scale mail.
  6029 | D:6      | 6029 ||| READING scroll labelled KEARYT GARAIZ.
  6030 | D:6      | 6030 ||| READING scroll labelled DESCHU POOP.
  6031 | D:6      | 6031 ||| DRINKING 2 fuming sapphire potions.
  6083 | D:6      | 6083 ||| READING 2 scrolls of identify.
  6083 | D:6      | 6083 ||| IDENTIFYING lumpy ruby potion
  6091 | Ossuary  | Entered an ossuary
  6091 | Ossuary  | Noticed a wraith
  6091 | Ossuary  | Noticed a wraith
  6091 | Ossuary  | Noticed a wraith
  6286 | Ossuary  | Noticed a wraith
  6296 | Ossuary  | Killed a wraith
  6297 | Ossuary  | Reached skill level 6 in Fighting
  6524 | Ossuary  | 6524 ||| DRINKING 3 coppery potions.
  6525 | Ossuary  | 6525 ||| READING 6 scrolls of identify.
  6525 | Ossuary  | 6525 ||| IDENTIFYING lumpy black potion
  6526 | Ossuary  | 6526 ||| READING 5 scrolls of identify.
  6526 | Ossuary  | 6526 ||| IDENTIFYING puce potion
  6527 | Ossuary  | 6527 ||| DROPPING 2 potions of brilliance.
  6528 | Ossuary  | 6528 ||| DROPPING potion of invisibility.
  6545 | D:6      | 6545 ||| PLANNING D:1-11
  6553 | D:6      | Reached XP level 9. HP: 55/55 MP: 12/12
  6596 | D:6      | 6596 ||| Stepping ~*~*~tactically~*~*~ (stealth).
  6681 | D:7      | 6681 ||| INVOKING Heroism.
  6751 | D:7      | 6751 ||| Stepping ~*~*~tactically~*~*~ (hiding).
  6759 | D:7      | 6759 ||| Stepping ~*~*~tactically~*~*~ (hiding).
  6763 | D:7      | 6763 ||| INVOKING Heroism.
  6769 | D:7      | Reached ** piety under Okawaru
  6834 | D:7      | 6834 ||| Stepping ~*~*~tactically~*~*~ (stealth).
  6835 | D:7      | 6835 ||| Stepping ~*~*~tactically~*~*~ (stealth).
  6842 | D:7      | 6842 ||| Stepping ~*~*~tactically~*~*~ (hiding).
  6855 | D:7      | Reached skill level 9 in Axes
  7002 | D:7      | 7002 ||| READING scroll of brand weapon.
  7002 | D:7      | 7002 ||| BRANDING +8 vorpal broad axe.
  7056 | D:7      | 7056 ||| INVOKING Heroism.
  7200 | D:7      | 7200 ||| Stepping ~*~*~tactically~*~*~ (stealth).
  7203 | D:7      | 7203 ||| Stepping ~*~*~tactically~*~*~ (hiding).
  7209 | D:7      | 7209 ||| INVOKING Heroism.
  7573 | D:7      | Found Gogyl's Antique Weapon Boutique.
  7741 | D:7      | 7741 ||| UPGRADING to amulet of regeneration.
  7746 | D:7      | 7746 ||| READING scroll labelled VOLEFE CUHA.
  7810 | D:8      | 7810 ||| INVOKING Heroism.
  7818 | D:8      | Reached skill level 1 in Throwing
  7835 | D:8      | Found a flagged portal.
  7888 | D:8      | Reached skill level 7 in Fighting
  8082 | D:8      | 8082 ||| INVOKING Heroism.
  8123 | D:8      | 8123 ||| Stepping ~*~*~tactically~*~*~ (stealth).
  8124 | D:8      | 8124 ||| Stepping ~*~*~tactically~*~*~ (stealth).
  8125 | D:8      | 8125 ||| INVOKING Heroism.
  8132 | D:8      | Reached *** piety under Okawaru
  8133 | D:8      | Reached XP level 10. HP: 63/63 MP: 11/13
  8191 | D:8      | 8191 ||| INVOKING Heroism.
  8195 | D:8      | Reached skill level 8 in Fighting
  8207 | D:8      | Reached **** piety under Okawaru
  8970 | D:8      | 8970 ||| READING scroll labelled KINYPN HOSU.
  8993 | D:9      | 8993 ||| STAIRDANCE
  9001 | D:9      | 9001 ||| STAIRDANCE
  9003 | D:8      | 9003 ||| INVOKING Heroism.
  9021 | D:8      | 9021 ||| UPGRADING to +3 chain mail.
  9031 | D:8      | 9031 ||| DROPPING +0 chain mail.
  9036 | D:9      | 9036 ||| STAIRDANCE
  9096 | D:9      | 9096 ||| Stepping ~*~*~tactically~*~*~ (stealth).
  9172 | D:9      | 9172 ||| Stepping ~*~*~tactically~*~*~ (hiding).
  9173 | D:9      | 9173 ||| Stepping ~*~*~tactically~*~*~ (hiding).
  9203 | D:9      | 9203 ||| Stepping ~*~*~tactically~*~*~ (hiding).
  9205 | D:9      | 9205 ||| Stepping ~*~*~tactically~*~*~ (hiding).
  9208 | D:9      | Noticed a kobold demonologist
  9211 | D:9      | 9211 ||| INVOKING Heroism.
  9214 | D:9      | 9214 ||| Stepping ~*~*~tactically~*~*~ (hiding).
  9343 | D:9      | 9343 ||| INVOKING Heroism.
  9350 | D:9      | Killed a kobold demonologist
  9351 | D:9      | Reached skill level 6 in Invocations
  9525 | D:9      | Found a staircase to the Lair.
  9526 | D:9      | 9526 ||| INVOKING Heroism.
  9541 | D:9      | 9541 ||| PLANNING LAIR
  9541 | D:9      | 9541 ||| UPGRADING to +0 plate armour.
  9551 | D:9      | 9551 ||| DROPPING +3 chain mail.
  9553 | Lair:1   | Entered Level 1 of the Lair of Beasts
  9553 | Lair:1   | Noticed a cane toad
  9554 | Lair:1   | 9554 ||| Stepping ~*~*~tactically~*~*~ (hiding).
  9555 | Lair:1   | 9555 ||| Stepping ~*~*~tactically~*~*~ (hiding).
  9557 | Lair:1   | 9557 ||| Stepping ~*~*~tactically~*~*~ (hiding).
  9560 | Lair:1   | 9560 ||| Stepping ~*~*~tactically~*~*~ (hiding).
  9562 | Lair:1   | 9562 ||| Stepping ~*~*~tactically~*~*~ (hiding).
  9563 | Lair:1   | 9563 ||| INVOKING Heroism.
  9565 | Lair:1   | Killed a cane toad
  9569 | Lair:1   | Reached skill level 6 in Armour
  9569 | Lair:1   | Reached XP level 11. HP: 62/68 MP: 12/16
  9651 | Lair:1   | 9651 ||| INVOKING Heroism.
  9786 | Lair:1   | 9786 ||| INVOKING Heroism.
  9835 | Lair:1   | 9835 ||| READING scroll of enchant weapon.
  9835 | Lair:1   | 9835 ||| ENCHANTING +8 vampiric broad axe.
 10024 | Lair:1   | 10024 ||| Stepping ~*~*~tactically~*~*~ (stealth).
 10027 | Lair:1   | Reached ***** piety under Okawaru
 10031 | Lair:1   | 10031 ||| INVOKING Heroism.
 10305 | Lair:1   | 10305 ||| INVOKING Heroism.
 10595 | Lair:1   | 10595 ||| UPGRADING to +0 plate armour of cold resistance.
 10605 | Lair:1   | 10605 ||| DROPPING +0 plate armour.
 10732 | Lair:2   | Noticed a catoblepas
 10733 | Lair:2   | 10733 ||| INVOKING Heroism.
 10734 | Lair:2   | 10734 ||| INVOKING Finesse.
 10742 | Lair:2   | Killed a catoblepas
 10743 | Lair:2   | Reached skill level 9 in Fighting
 10859 | Lair:2   | Noticed a boulder beetle
 10860 | Lair:2   | 10860 ||| INVOKING Heroism.
 10861 | Lair:2   | 10861 ||| INVOKING Finesse.
 10865 | Lair:2   | Received a gift from Okawaru
 10867 | Lair:2   | Reached skill level 9 in Invocations
 10881 | Lair:2   | Killed a boulder beetle
 10919 | Lair:2   | 10919 ||| DROPPING +0 morningstar.
 10969 | Lair:2   | 10969 ||| Stepping ~*~*~tactically~*~*~ (hiding).
 10970 | Lair:2   | 10970 ||| INVOKING Heroism.
 10993 | Lair:2   | Found a staircase to the Snake Pit.
 11019 | Lair:2   | 11019 ||| INVOKING Heroism.
 11062 | Lair:2   | Noticed a seven-headed hydra
 11063 | Lair:2   | 11063 ||| Stepping ~*~*~tactically~*~*~ (stealth).
 11064 | Lair:2   | 11064 ||| Stepping ~*~*~tactically~*~*~ (stealth).
 11067 | Lair:2   | 11067 ||| INVOKING Heroism.
 11068 | Lair:2   | 11068 ||| SWAPPING to +2 broad axe of flaming.
 11074 | Lair:2   | Killed a two-headed hydra
 11075 | Lair:2   | 11075 ||| SWAPPING to +9 vampiric broad axe.
 11099 | Lair:2   | 11099 ||| INVOKING Heroism.
 11105 | Lair:2   | 11105 ||| Stepping ~*~*~tactically~*~*~ (water).
 11182 | Lair:2   | Reached XP level 12. HP: 76/76 MP: 19/19
 11283 | Lair:2   | 11283 ||| Stepping ~*~*~tactically~*~*~ (stealth).
 11287 | Lair:2   | 11287 ||| INVOKING Heroism.
 11304 | Lair:2   | Reached skill level 12 in Axes
 11491 | Lair:2   | 11491 ||| DROPPING scarf of harm.
 11492 | Lair:2   | 11492 ||| UPGRADING to +0 pair of gloves.
 11497 | Lair:2   | 11497 ||| READING scroll labelled XOOMIORULI.
 11611 | Lair:3   | 11611 ||| INVOKING Heroism.
 11746 | Lair:3   | 11746 ||| INVOKING Heroism.
 11861 | Lair:3   | 11861 ||| Stepping ~*~*~tactically~*~*~ (stealth).
 11863 | Lair:3   | 11863 ||| Stepping ~*~*~tactically~*~*~ (stealth).
 11865 | Lair:3   | 11865 ||| INVOKING Heroism.
 11868 | Lair:3   | 11868 ||| Stepping ~*~*~tactically~*~*~ (stealth).
 11878 | Lair:3   | Identified the +2 robe of Altruism {rPois rF+} (Okawaru
                  | gifted it to you on level 3 of the Lair of Beasts)
 11878 | Lair:3   | Received a gift from Okawaru
 11880 | Lair:3   | 11880 ||| Stepping ~*~*~tactically~*~*~ (stealth).
 11881 | Lair:3   | 11881 ||| Stepping ~*~*~tactically~*~*~ (stealth).
 11959 | Lair:3   | 11959 ||| READING scroll of enchant armour.
 11959 | Lair:3   | 11959 ||| ENCHANTING +0 pair of gloves.
 11975 | Lair:3   | Reached skill level 3 in Dodging
 11983 | Lair:3   | Reached skill level 6 in Shields
 12049 | Lair:3   | 12049 ||| INVOKING Heroism.
 12167 | Lair:3   | Found a staircase to the Swamp.
 12234 | Lair:3   | 12234 ||| UPGRADING to +0 pair of boots.
 12239 | Lair:3   | 12239 ||| DROPPING amulet of the acrobat.
 12276 | Lair:4   | 12276 ||| STAIRDANCE
 12288 | Lair:4   | 12288 ||| STAIRDANCE
 12290 | Lair:3   | 12290 ||| INVOKING Heroism.
 12310 | Lair:4   | 12310 ||| STAIRDANCE
 12385 | Lair:4   | Reached skill level 9 in Armour
 12527 | Lair:4   | 12527 ||| Stepping ~*~*~tactically~*~*~ (hiding).
 12641 | Lair:4   | Noticed a death yak
 12642 | Lair:4   | 12642 ||| INVOKING Heroism.
 12642 | Lair:4   | Noticed a death yak
 12643 | Lair:4   | 12643 ||| INVOKING Finesse.
 12650 | Lair:4   | Killed a death yak
 12651 | Lair:4   | Reached skill level 10 in Fighting
 12654 | Lair:4   | Killed a death yak
 12697 | Lair:4   | Noticed a seven-headed hydra
 12698 | Lair:4   | 12698 ||| INVOKING Heroism.
 12699 | Lair:4   | 12699 ||| INVOKING Finesse.
 12701 | Lair:4   | 12701 ||| SWAPPING to +2 broad axe of flaming.
 12709 | Lair:4   | Killed a two-headed hydra
 12710 | Lair:4   | 12710 ||| SWAPPING to +9 vampiric broad axe.
 12819 | Lair:4   | 12819 ||| Stepping ~*~*~tactically~*~*~ (stealth).
 12859 | Lair:4   | 12859 ||| INVOKING Heroism.
 12861 | Lair:4   | 12861 ||| Stepping ~*~*~tactically~*~*~ (stealth).
 12883 | Lair:4   | Reached XP level 13. HP: 70/82 MP: 20/20
 13053 | Lair:4   | 13053 ||| READING scroll of enchant armour.
 13053 | Lair:4   | 13053 ||| ENCHANTING +1 pair of gloves.
 13056 | Lair:4   | 13056 ||| Stepping ~*~*~tactically~*~*~ (stealth).
 13081 | Lair:4   | 13081 ||| INVOKING Heroism.
 13407 | Lair:4   | 13407 ||| UPGRADING to +1 pair of boots.
 13417 | Lair:4   | 13417 ||| DROPPING +0 pair of boots.
 13418 | Lair:4   | 13418 ||| UPGRADING to +4 ring of protection.
 13420 | Lair:4   | 13420 ||| UPGRADING to +6 ring of strength.
 13422 | Lair:4   | 13422 ||| DROPPING +6 ring of dexterity.
 13451 | Lair:5   | Entered Level 5 of the Lair of Beasts
 13452 | Lair:5   | 13452 ||| STAIRDANCE
 13462 | Lair:5   | 13462 ||| STAIRDANCE
 13464 | Lair:4   | 13464 ||| INVOKING Heroism.
 13495 | Lair:5   | Received a gift from Okawaru
 13551 | Lair:5   | Found a runed translucent door.
 13553 | Lair:5   | Noticed an acid blob
 13554 | Lair:5   | Noticed an acid blob
 13556 | Lair:5   | Found a staircase to the Slime Pits.
 13667 | Lair:5   | 13667 ||| INVOKING Heroism.
 13718 | Lair:5   | 13718 ||| Stepping ~*~*~tactically~*~*~ (hiding).
 13725 | Lair:5   | 13725 ||| INVOKING Heroism.
 13775 | Lair:5   | 13775 ||| INVOKING Heroism.
 13797 | Lair:5   | Reached skill level 11 in Fighting
 13833 | Lair:5   | 13833 ||| Stepping ~*~*~tactically~*~*~ (stealth).
 13845 | Lair:5   | Identified the +0 chain mail of the Cooper {rElec rF- rC-
                  | rN+++} (Okawaru gifted it to you on level 5 of the Lair of
                  | Beasts)
 13845 | Lair:5   | Received a gift from Okawaru
 13880 | Lair:5   | 13880 ||| INVOKING Heroism.
 13921 | Lair:5   | 13921 ||| INVOKING Heroism.
 13971 | Lair:5   | Identified the +7 arbalest of Discord {penet, Dex+2}
 13980 | Lair:5   | 13980 ||| Stepping ~*~*~tactically~*~*~ (stealth).
 14009 | Lair:5   | 14009 ||| Stepping ~*~*~tactically~*~*~ (stealth).
 14011 | Lair:5   | Found a corrupted altar of Lugonu.
 14011 | Lair:5   | Found a one-way gate to the infinite horrors of the Abyss.
 14104 | Lair:5   | 14104 ||| INVOKING Heroism.
 14150 | Lair:5   | 14150 ||| INVOKING Heroism.
 14203 | Lair:5   | 14203 ||| INVOKING Heroism.
 14204 | Lair:5   | 14204 ||| INVOKING Finesse.
 14204 | Lair:5   | Noticed Kirke
 14206 | Lair:5   | 14206 ||| SWAPPING to +2 broad axe of flaming.
 14211 | Lair:5   | Reached skill level 15 in Axes
 14211 | Lair:5   | 14211 ||| SWAPPING to +9 vampiric broad axe.
 14212 | Lair:5   | Noticed a sphinx
 14223 | Lair:5   | Killed Kirke
 14224 | Lair:5   | Gained mutation: Your large and strong wings let you fly.
                  | [Gargoyle growth]
 14224 | Lair:5   | Reached XP level 14. HP: 84/90 MP: 14/21
 14568 | Lair:5   | Received a gift from Okawaru
 14718 | Lair:5   | 14718 ||| PLANNING D:1-11
 14718 | Lair:5   | 14718 ||| DROPPING +0 chain mail of the Cooper {rElec rF-
                  | rC- rN+++}.
 14719 | Lair:5   | 14719 ||| DROPPING +0 pair of gloves of stealth.
 14865 | D:10     | Entered Level 10 of the Dungeon
 14889 | D:10     | 14889 ||| Stepping ~*~*~tactically~*~*~ (stealth).
 14893 | D:10     | 14893 ||| Stepping ~*~*~tactically~*~*~ (stealth).
 14895 | D:10     | 14895 ||| Stepping ~*~*~tactically~*~*~ (stealth).
 14896 | D:10     | 14896 ||| Stepping ~*~*~tactically~*~*~ (stealth).
 14906 | D:10     | 14906 ||| INVOKING Heroism.
 14945 | D:10     | Found a white marble altar of Elyvilon.
 15112 | D:10     | 15112 ||| READING scroll of enchant armour.
 15112 | D:10     | 15112 ||| ENCHANTING +1 pair of boots.
 15145 | D:10     | 15145 ||| Stepping ~*~*~tactically~*~*~ (hiding).
 15146 | D:10     | 15146 ||| Stepping ~*~*~tactically~*~*~ (hiding).
 15610 | D:11     | 15610 ||| INVOKING Heroism.
 15628 | D:11     | 15628 ||| Stepping ~*~*~tactically~*~*~ (stealth).
 15635 | D:11     | 15635 ||| INVOKING Finesse.
 15670 | D:11     | 15670 ||| INVOKING Heroism.
 15705 | D:11     | 15705 ||| Stepping ~*~*~tactically~*~*~ (stealth).
 15735 | D:11     | 15735 ||| FLEEEEING.
 15736 | D:11     | 15736 ||| FLEEEEING.
 15737 | D:11     | 15737 ||| FLEEEEING.
 15738 | D:11     | 15738 ||| FLEEEEING.
 15740 | D:11     | 15740 ||| FLEEEEING.
 15741 | D:11     | 15741 ||| FLEEEEING.
 15742 | D:11     | 15742 ||| FLEEEEING.
 15861 | D:11     | 15861 ||| INVOKING Heroism.
 15868 | D:11     | Reached skill level 12 in Fighting
 15896 | D:11     | 15896 ||| Stepping ~*~*~tactically~*~*~ (hiding).
 15903 | D:11     | Reached ****** piety under Okawaru
 15925 | D:11     | 15925 ||| Stepping ~*~*~tactically~*~*~ (stealth).
 15927 | D:11     | 15927 ||| Stepping ~*~*~tactically~*~*~ (hiding).
 15945 | D:11     | 15945 ||| Stepping ~*~*~tactically~*~*~ (hiding).
 15948 | D:11     | 15948 ||| INVOKING Heroism.
 15949 | D:11     | Noticed Josephine
 15953 | D:11     | 15953 ||| Stepping ~*~*~tactically~*~*~ (hiding).
 15965 | D:11     | Killed Josephine
 15972 | D:11     | 15972 ||| INVOKING Finesse.
 16004 | D:11     | Identified the +2 helmet of Cywn {Contam rC+ rN+ Str+3}
                  | (Okawaru gifted it to you on level 11 of the Dungeon)
 16004 | D:11     | Received a gift from Okawaru
 16283 | D:11     | 16283 ||| INVOKING Heroism.
 16284 | D:11     | 16284 ||| INVOKING Finesse.
 16424 | D:11     | 16424 ||| PLANNING D
 16424 | D:11     | 16424 ||| UPGRADING to +0 kite shield.
 16434 | D:11     | 16434 ||| DROPPING +0 buckler.
 16435 | D:11     | 16435 ||| UPGRADING to +2 helmet of Cywn {Contam rC+ rN+
                  | Str+3}.
 16445 | D:11     | 16445 ||| DROPPING +2 helmet.
 16446 | D:11     | 16446 ||| UPGRADING to +0 cloak.
 16451 | D:11     | 16451 ||| UPGRADING to +0 tower shield.
 16461 | D:11     | 16461 ||| DROPPING +0 kite shield.
 16477 | D:12     | 16477 ||| READING scroll of acquirement.
 16477 | D:12     | 16477 ||| ACQUIRING 617 gold pieces
 16477 | D:12     | Acquired 617 gold pieces
 16482 | D:12     | Found a staircase to the Orcish Mines.
 16491 | D:12     | Found Ilaodat's Weapon Shop.
 16702 | D:12     | 16702 ||| Stepping ~*~*~tactically~*~*~ (stealth).
 16705 | D:12     | 16705 ||| INVOKING Heroism.
 16830 | D:12     | Noticed Sonja
 16831 | D:12     | 16831 ||| INVOKING Finesse.
 16853 | D:12     | Killed Sonja
 16923 | D:12     | 16923 ||| Stepping ~*~*~tactically~*~*~ (stealth).
 16929 | D:12     | 16929 ||| INVOKING Heroism.
 16953 | D:12     | 16953 ||| Stepping ~*~*~tactically~*~*~ (hiding).
 17048 | D:12     | Reached skill level 9 in Shields
 17529 | D:13     | Found a gate to the Vaults.
 17530 | D:13     | 17530 ||| Stepping ~*~*~tactically~*~*~ (hiding).
 17930 | D:13     | Found a runed translucent door.
 17930 | D:13     | Found a shimmering altar of Xom.
 17930 | D:13     | Noticed qw's ghost (journeyman GrFi)
 18039 | D:13     | 18039 ||| UPGRADING to +4 ring of evasion.
 18041 | D:13     | 18041 ||| DROPPING +6 ring of strength.
 18132 | D:14     | 18132 ||| INVOKING Heroism.
 18189 | D:14     | 18189 ||| Stepping ~*~*~tactically~*~*~ (hiding).
 18190 | D:14     | 18190 ||| Stepping ~*~*~tactically~*~*~ (hiding).
 18203 | D:14     | 18203 ||| INVOKING Heroism.
 18204 | D:14     | 18204 ||| INVOKING Finesse.
 18229 | D:14     | Reached XP level 15. HP: 96/96 MP: 16/22
 18544 | D:14     | 18544 ||| INVOKING Heroism.
 18571 | D:14     | Identified the ring "Fonui" {Ice rCorr Str+4}
 18634 | D:14     | Identified the +1 ring mail "Miesko" {rElec rPois Will-
                  | Dex+4}
 18751 | D:14     | Found an ornate altar of the Wu Jian Council.
 18753 | D:14     | Found a shimmering blue altar of Sif Muna.
 18753 | D:14     | Found a sparkling altar of Nemelex Xobeh.
 18755 | D:14     | Found a sparkling altar of Nemelex Xobeh.
 18755 | D:14     | Found a shimmering altar of Xom.
 18755 | D:14     | Found a glowing silver altar of Zin.
 18774 | D:14     | 18774 ||| Stepping ~*~*~tactically~*~*~ (hiding).
 18951 | D:14     | Noticed a frost giant
 18952 | D:14     | 18952 ||| Stepping ~*~*~tactically~*~*~ (hiding).
 18959 | D:14     | 18959 ||| INVOKING Heroism.
 18960 | D:14     | 18960 ||| INVOKING Finesse.
 18977 | D:14     | Killed a frost giant
 18977 | D:14     | Received a gift from Okawaru
 18981 | D:14     | Reached skill level 12 in Shields
 19031 | D:14     | 19031 ||| Stepping ~*~*~tactically~*~*~ (hiding).
 19032 | D:14     | 19032 ||| Stepping ~*~*~tactically~*~*~ (hiding).
 19075 | D:14     | 19075 ||| INVOKING Heroism.
 19076 | D:14     | 19076 ||| SWAPPING to +2 broad axe of flaming.
 19084 | D:14     | 19084 ||| SWAPPING to +9 vampiric broad axe.
 19111 | D:14     | 19111 ||| Stepping ~*~*~tactically~*~*~ (stealth).
 19112 | D:14     | 19112 ||| Stepping ~*~*~tactically~*~*~ (stealth).
 19115 | D:14     | 19115 ||| Stepping ~*~*~tactically~*~*~ (stealth).
 19123 | D:14     | 19123 ||| READING 11 scrolls of teleportation.
 19197 | D:14     | 19197 ||| Stepping ~*~*~tactically~*~*~ (stealth).
 19199 | D:14     | 19199 ||| Stepping ~*~*~tactically~*~*~ (stealth).
 19213 | D:14     | 19213 ||| Stepping ~*~*~tactically~*~*~ (stealth).
 19214 | D:14     | 19214 ||| INVOKING Heroism.
 19246 | D:14     | 19246 ||| DROPPING +1 pair of boots of flying.
 19247 | D:14     | 19247 ||| DROPPING +4 chain mail of cold resistance.
 19277 | D:15     | Entered Level 15 of the Dungeon
 19464 | D:15     | 19464 ||| Stepping ~*~*~tactically~*~*~ (hiding).
 19899 | D:15     | 19899 ||| READING scroll of enchant armour.
 19899 | D:15     | 19899 ||| ENCHANTING +0 cloak.
 20287 | D:15     | Found a staircase to the Depths.
 20288 | D:15     | 20288 ||| INVOKING Heroism.
 20495 | D:15     | 20495 ||| PLANNING ORC
 20495 | D:15     | 20495 ||| DROPPING +1 hat.
 20565 | Orc:1    | Entered Level 1 of the Orcish Mines
 20647 | Orc:2    | Entered Level 2 of the Orcish Mines
 20665 | Orc:2    | 20665 ||| Stepping ~*~*~tactically~*~*~ (stealth).
 20668 | Orc:2    | 20668 ||| INVOKING Heroism.
 20729 | Orc:2    | 20729 ||| Stepping ~*~*~tactically~*~*~ (stealth).
 20732 | Orc:2    | 20732 ||| Stepping ~*~*~tactically~*~*~ (hiding).
 20744 | Orc:2    | 20744 ||| Stepping ~*~*~tactically~*~*~ (stealth).
 20747 | Orc:2    | 20747 ||| Stepping ~*~*~tactically~*~*~ (stealth).
 20879 | Orc:2    | 20879 ||| Stepping ~*~*~tactically~*~*~ (hiding).
 20892 | Orc:2    | 20892 ||| Stepping randomly (disturbance).
 20896 | Orc:2    | 20896 ||| DRINKING 11 potions of curing.
 20896 | Orc:2    | 20896 ||| (to cure confusion)
 20986 | Orc:2    | 20986 ||| Stepping ~*~*~tactically~*~*~ (hiding).
 21131 | Orc:2    | 21131 ||| INVOKING Heroism.
 21157 | Orc:2    | Paralysed by an ogre mage for 3 turns
 21170 | Orc:2    | Paralysed by an ogre mage for 4 turns
 21181 | Orc:2    | Reached skill level 15 in Shields
 21186 | Orc:2    | 21186 ||| INVOKING Heroism.
 21254 | Orc:2    | Found Pyuschacu's Weapon Boutique.
 21254 | Orc:2    | Found Befyat's Weapon Shoppe.
 21255 | Orc:2    | Found Zeicw's Armour Shoppe.
 21255 | Orc:2    | Found Marirraa's General Store.
 21268 | Orc:2    | Found a staircase to the Elven Halls.
 21270 | Orc:2    | 21270 ||| BUYING potion of curing (45 gold).
 21270 | Orc:2    | Bought a potion of curing for 45 gold pieces
 21304 | Orc:2    | Noticed Donald
 21305 | Orc:2    | 21305 ||| INVOKING Heroism.
 21306 | Orc:2    | 21306 ||| INVOKING Finesse.
 21320 | Orc:2    | Killed Donald
 21494 | Orc:1    | 21494 ||| INVOKING Heroism.
 21512 | Orc:1    | Reached XP level 16. HP: 101/101 MP: 20/23
 21542 | Orc:1    | 21542 ||| Stepping ~*~*~tactically~*~*~ (stealth).
 21547 | Orc:1    | 21547 ||| Stepping ~*~*~tactically~*~*~ (hiding).
 21549 | Orc:1    | 21549 ||| INVOKING Heroism.
 21740 | Orc:1    | 21740 ||| INVOKING Heroism.
 21802 | Orc:1    | Found a transporter.
 21891 | Orc:1    | Found Deeqowk's CLEARANCE SALE!.
 21950 | Orc:1    | 21950 ||| Stepping ~*~*~tactically~*~*~ (stealth).
 21982 | Orc:1    | 21982 ||| INVOKING Heroism.
 22042 | Orc:1    | 22042 ||| INVOKING Heroism.
 22092 | Orc:1    | 22092 ||| PLANNING SWAMP:1-3
 22305 | Swamp:1  | Entered Level 1 of the Swamp
 22327 | Swamp:1  | 22327 ||| INVOKING Heroism.
 22369 | Swamp:1  | Identified the +1 tower shield of Patience {rF+} (Okawaru
                  | gifted it to you on level 1 of the Swamp)
 22369 | Swamp:1  | Received a gift from Okawaru
 22410 | Swamp:1  | 22410 ||| Stepping ~*~*~tactically~*~*~ (hiding).
 22411 | Swamp:1  | 22411 ||| Stepping ~*~*~tactically~*~*~ (hiding).
 22542 | Swamp:1  | 22542 ||| INVOKING Heroism.
 22563 | Swamp:1  | 22563 ||| INVOKING Finesse.
 22567 | Swamp:1  | 22567 ||| SWAPPING to +2 broad axe of flaming.
 22572 | Swamp:1  | 22572 ||| SWAPPING to +9 vampiric broad axe.
 22583 | Swamp:1  | 22583 ||| Stepping ~*~*~tactically~*~*~ (stealth).
 22606 | Swamp:1  | 22606 ||| Stepping ~*~*~tactically~*~*~ (stealth).
 22608 | Swamp:1  | 22608 ||| INVOKING Heroism.
 22635 | Swamp:1  | 22635 ||| Stepping ~*~*~tactically~*~*~ (hiding).
 22643 | Swamp:1  | 22643 ||| INVOKING Finesse.
 22645 | Swamp:1  | 22645 ||| SWAPPING to +2 broad axe of flaming.
 22648 | Swamp:1  | 22648 ||| Stepping ~*~*~tactically~*~*~ (hiding).
 22653 | Swamp:1  | 22653 ||| SWAPPING to +9 vampiric broad axe.
 22661 | Swamp:1  | 22661 ||| SWAPPING to +2 broad axe of flaming.
 22669 | Swamp:1  | Reached skill level 12 in Armour
 22669 | Swamp:1  | 22669 ||| SWAPPING to +9 vampiric broad axe.
 22708 | Swamp:1  | 22708 ||| Stepping ~*~*~tactically~*~*~ (stealth).
 22709 | Swamp:1  | 22709 ||| Stepping ~*~*~tactically~*~*~ (stealth).
 22747 | Swamp:1  | 22747 ||| INVOKING Heroism.
 22748 | Swamp:1  | 22748 ||| INVOKING Finesse.
 22752 | Swamp:1  | 22752 ||| SWAPPING to +2 broad axe of flaming.
 22767 | Swamp:1  | 22767 ||| SWAPPING to +9 vampiric broad axe.
 22784 | Swamp:1  | 22784 ||| INVOKING Heroism.
 22855 | Swamp:1  | 22855 ||| INVOKING Heroism.
 23081 | Swamp:1  | 23081 ||| UPGRADING to +1 tower shield of Patience {rF+}.
 23091 | Swamp:1  | 23091 ||| DROPPING +0 tower shield.
 23092 | Swamp:1  | 23092 ||| DROPPING scarf of invisibility.
 23136 | Swamp:2  | Noticed a thorn hunter
 23137 | Swamp:2  | 23137 ||| Stepping ~*~*~tactically~*~*~ (hiding).
 23138 | Swamp:2  | 23138 ||| INVOKING Heroism.
 23139 | Swamp:2  | 23139 ||| INVOKING Finesse.
 23165 | Swamp:2  | Killed a thorn hunter
 23168 | Swamp:2  | 23168 ||| Stepping ~*~*~tactically~*~*~ (stealth).
 23228 | Swamp:2  | 23228 ||| Stepping ~*~*~tactically~*~*~ (stealth).
 23229 | Swamp:2  | 23229 ||| Stepping ~*~*~tactically~*~*~ (stealth).
 23272 | Swamp:2  | 23272 ||| INVOKING Heroism.
 23273 | Swamp:2  | 23273 ||| INVOKING Finesse.
 23274 | Swamp:2  | 23274 ||| SWAPPING to +2 broad axe of flaming.
 23277 | Swamp:2  | Noticed Aizul
 23278 | Swamp:2  | 23278 ||| SWAPPING to +9 vampiric broad axe.
 23304 | Swamp:2  | Killed Aizul
 23368 | Swamp:2  | Noticed Nikola
 23369 | Swamp:2  | 23369 ||| FLEEEEING.
 23370 | Swamp:2  | 23370 ||| FLEEEEING.
 23371 | Swamp:2  | 23371 ||| FLEEEEING.
 23375 | Swamp:2  | 23375 ||| INVOKING Heroism.
 23376 | Swamp:2  | 23376 ||| INVOKING Finesse.
 23389 | Swamp:2  | Killed Nikola
 23391 | Swamp:2  | 23391 ||| Stepping ~*~*~tactically~*~*~ (stealth).
 23518 | Swamp:2  | Noticed Mlioglotl
 23519 | Swamp:2  | 23519 ||| INVOKING Heroism.
 23520 | Swamp:2  | 23520 ||| INVOKING Finesse.
 23521 | Swamp:2  | 23521 ||| Stepping ~*~*~tactically~*~*~ (stealth).
 23535 | Swamp:2  | Killed Mlioglotl
 23677 | Swamp:2  | 23677 ||| INVOKING Heroism.
 23807 | Swamp:2  | 23807 ||| DROPPING amulet of magic regeneration.
 23808 | Swamp:2  | 23808 ||| READING scroll labelled DIPPO ZEKHE.
 23826 | Swamp:2  | 23826 ||| DROPPING scroll of amnesia.
 23887 | Swamp:3  | 23887 ||| INVOKING Heroism.
 23941 | Swamp:3  | 23941 ||| INVOKING Heroism.
 24102 | Swamp:3  | 24102 ||| INVOKING Heroism.
 24103 | Swamp:3  | 24103 ||| SWAPPING to +2 broad axe of flaming.
 24107 | Swamp:3  | 24107 ||| SWAPPING to +9 vampiric broad axe.
 24265 | Swamp:3  | 24265 ||| FLEEEEING.
 24266 | Swamp:3  | 24266 ||| FLEEEEING.
 24267 | Swamp:3  | 24267 ||| FLEEEEING.
 24268 | Swamp:3  | 24268 ||| INVOKING Heroism.
 24366 | Swamp:3  | 24366 ||| PLANNING SNAKE:1-3
 24457 | Snake:1  | Entered Level 1 of the Snake Pit
 24485 | Snake:1  | 24485 ||| READING scroll of acquirement.
 24485 | Snake:1  | 24485 ||| ACQUIRING +2 pair of gloves "Ecopupu" {-Cast rC+
                  | Stlth+}
 24485 | Snake:1  | Acquired the +2 pair of gloves "Ecopupu" {-Cast rC+ Stlth+}
 24487 | Snake:1  | 24487 ||| UPGRADING to +2 pair of gloves "Ecopupu" {-Cast
                  | rC+ Stlth+}.
 24497 | Snake:1  | 24497 ||| DROPPING +2 pair of gloves.
 24525 | Snake:1  | 24525 ||| INVOKING Heroism.
 24710 | Snake:1  | Found Ufeo's Magic Scroll Shoppe.
 24712 | Snake:1  | Found Rilofaam's Jewellery Emporium.
 24731 | Snake:1  | 24731 ||| BUYING scroll of brand weapon (152 gold).
 24731 | Snake:1  | Bought a scroll of brand weapon for 152 gold pieces
 24731 | Snake:1  | 24731 ||| BUYING scroll of enchant armour (120 gold).
 24731 | Snake:1  | Bought a scroll of enchant armour for 120 gold pieces
 24731 | Snake:1  | 24731 ||| BUYING scroll of teleportation (48 gold).
 24731 | Snake:1  | Bought a scroll of teleportation for 48 gold pieces
 24731 | Snake:1  | 24731 ||| READING scroll of enchant armour.
 24731 | Snake:1  | 24731 ||| ENCHANTING +1 cloak.
 24738 | Snake:1  | 24738 ||| BUYING amulet of reflection (480 gold).
 24738 | Snake:1  | Bought an amulet of reflection for 480 gold pieces
 24799 | Snake:1  | Reached skill level 13 in Fighting
 24870 | Snake:1  | 24870 ||| Stepping ~*~*~tactically~*~*~ (hiding).
 24888 | Snake:1  | 24888 ||| INVOKING Heroism.
 24902 | Snake:1  | Reached XP level 17. HP: 108/108 MP: 24/24
 24916 | Snake:1  | 24916 ||| Stepping ~*~*~tactically~*~*~ (stealth).
 24980 | Snake:1  | 24980 ||| Stepping ~*~*~tactically~*~*~ (stealth).
 24991 | Snake:1  | 24991 ||| Stepping ~*~*~tactically~*~*~ (stealth).
 25000 | Snake:1  | Received a gift from Okawaru
 25028 | Snake:1  | 25028 ||| Stepping ~*~*~tactically~*~*~ (stealth).
 25030 | Snake:1  | 25030 ||| Stepping ~*~*~tactically~*~*~ (stealth).
 25032 | Snake:1  | 25032 ||| Stepping ~*~*~tactically~*~*~ (stealth).
 25035 | Snake:1  | 25035 ||| INVOKING Heroism.
 25239 | Snake:1  | 25239 ||| Stepping ~*~*~tactically~*~*~ (hiding).
 25379 | Snake:1  | 25379 ||| UPGRADING to amulet of reflection.
 25389 | Snake:1  | 25389 ||| DROPPING amulet of regeneration.
 25472 | Snake:2  | 25472 ||| INVOKING Heroism.
 25505 | Snake:2  | 25505 ||| Stepping ~*~*~tactically~*~*~ (hiding).
 25506 | Snake:2  | 25506 ||| Stepping ~*~*~tactically~*~*~ (hiding).
 25518 | Snake:2  | Found a runed translucent door.
 25518 | Snake:2  | Noticed mif's ghost (journeyman MiBe)
 25551 | Snake:2  | 25551 ||| INVOKING Heroism.
 25608 | Snake:2  | 25608 ||| INVOKING Heroism.
 25829 | Snake:2  | 25829 ||| Stepping ~*~*~tactically~*~*~ (hiding).
 25834 | Snake:2  | 25834 ||| Stepping ~*~*~tactically~*~*~ (hiding).
 25850 | Snake:2  | 25850 ||| INVOKING Heroism.
 25856 | Snake:2  | Received a gift from Okawaru
 25914 | Snake:2  | Noticed Agnes
 25915 | Snake:2  | 25915 ||| INVOKING Heroism.
 25916 | Snake:2  | 25916 ||| INVOKING Finesse.
 25929 | Snake:2  | Killed Agnes
 26163 | Snake:2  | 26163 ||| INVOKING Heroism.
 26168 | Snake:2  | Received a gift from Okawaru
 26195 | Snake:2  | Reached skill level 18 in Axes
 26238 | Snake:2  | 26238 ||| INVOKING Heroism.
 26373 | Snake:2  | 26373 ||| DROPPING ring of wizardry.
 26374 | Snake:2  | 26374 ||| READING 24 scrolls of identify.
 26374 | Snake:2  | 26374 ||| IDENTIFYING lumpy grey potion
 26400 | Snake:3  | 26400 ||| INVOKING Heroism.
 26401 | Snake:3  | 26401 ||| STAIRDANCE
 26459 | Snake:3  | 26459 ||| INVOKING Heroism.
 26466 | Snake:3  | Reached skill level 3 in Throwing
 26472 | Snake:3  | Noticed Vashnia
 26487 | Snake:3  | Killed Vashnia
 26547 | Snake:3  | 26547 ||| Stepping ~*~*~tactically~*~*~ (hiding).
 26548 | Snake:3  | 26548 ||| Stepping ~*~*~tactically~*~*~ (hiding).
 26559 | Snake:3  | 26559 ||| INVOKING Heroism.
 26692 | Snake:3  | Received a gift from Okawaru
 26704 | Snake:3  | 26704 ||| Stepping ~*~*~tactically~*~*~ (hiding).
 26720 | Snake:3  | 26720 ||| INVOKING Heroism.
 26738 | Snake:3  | Reached skill level 14 in Fighting
 26744 | Snake:3  | 26744 ||| INVOKING Heroism.
 26755 | Snake:3  | Reached skill level 18 in Shields
 26961 | Snake:3  | 26961 ||| INVOKING Heroism.
 26974 | Snake:3  | Reached XP level 18. HP: 91/116 MP: 23/25
 27072 | Snake:3  | 27072 ||| DROPPING +2 broad axe of flaming.
 27167 | Snake:3  | Found Licangau's Neck Hole.
 27353 | Snake:3  | 27353 ||| Stepping ~*~*~tactically~*~*~ (hiding).
 27356 | Snake:3  | 27356 ||| Stepping ~*~*~tactically~*~*~ (hiding).
 27362 | Snake:3  | 27362 ||| INVOKING Heroism.
 27420 | Snake:3  | 27420 ||| INVOKING Heroism.
 27451 | Snake:3  | 27451 ||| Stepping ~*~*~tactically~*~*~ (hiding).
 27456 | Snake:3  | Noticed Roxanne
 27457 | Snake:3  | 27457 ||| INVOKING Finesse.
 27479 | Snake:3  | Killed Roxanne
 27783 | Snake:3  | 27783 ||| PLANNING SWAMP:4
 27953 | Swamp:4  | Entered Level 4 of the Swamp
 27954 | Swamp:4  | 27954 ||| INVOKING Heroism.
 27955 | Swamp:4  | 27955 ||| STAIRDANCE
 27967 | Swamp:4  | 27967 ||| STAIRDANCE
 27981 | Swamp:4  | 27981 ||| STAIRDANCE
 27992 | Swamp:4  | 27992 ||| INVOKING Heroism.
 27993 | Swamp:4  | 27993 ||| STAIRDANCE
 28008 | Swamp:4  | 28008 ||| STAIRDANCE
 28014 | Swamp:4  | 28014 ||| STAIRDANCE
 28046 | Swamp:4  | 28046 ||| INVOKING Heroism.
 28071 | Swamp:4  | Received a gift from Okawaru
 28072 | Swamp:4  | Reached skill level 6 in Throwing
 28080 | Swamp:4  | 28080 ||| Stepping ~*~*~tactically~*~*~ (hiding).
 28087 | Swamp:4  | 28087 ||| READING 11 scrolls of teleportation.
 28126 | Swamp:4  | 28126 ||| Stepping ~*~*~tactically~*~*~ (hiding).
 28182 | Swamp:4  | 28182 ||| Stepping ~*~*~tactically~*~*~ (hiding).
 28271 | Swamp:4  | 28271 ||| INVOKING Heroism.
 28298 | Swamp:4  | Received a gift from Okawaru
 28317 | Swamp:4  | 28317 ||| INVOKING Heroism.
 28317 | Swamp:4  | Paralysed by something for 3 turns
 28323 | Swamp:4  | HP: 24/116 [something (23)]
 28324 | Swamp:4  | 28324 ||| READING 10 scrolls of teleportation.
 28325 | Swamp:4  | 28325 ||| DRINKING 9 potions of heal wounds.
 28326 | Swamp:4  | 28326 ||| DRINKING 8 potions of heal wounds.
 28434 | Swamp:4  | 28434 ||| Invisible monster not found???
 28440 | Swamp:4  | 28440 ||| INVOKING Heroism.
 28575 | Swamp:4  | Received a gift from Okawaru
 28577 | Swamp:4  | 28577 ||| FLEEEEING.
 28578 | Swamp:4  | 28578 ||| FLEEEEING.
 28579 | Swamp:4  | 28579 ||| FLEEEEING.
 28580 | Swamp:4  | 28580 ||| FLEEEEING.
 28581 | Swamp:4  | 28581 ||| FLEEEEING.
 28582 | Swamp:4  | 28582 ||| FLEEEEING.
 28583 | Swamp:4  | 28583 ||| FLEEEEING.
 28593 | Swamp:4  | 28593 ||| STAIRDANCE
 28650 | Swamp:4  | 28650 ||| Stepping ~*~*~tactically~*~*~ (stealth).
 28651 | Swamp:4  | 28651 ||| Stepping ~*~*~tactically~*~*~ (stealth).
 28652 | Swamp:4  | 28652 ||| Stepping ~*~*~tactically~*~*~ (stealth).
 28670 | Swamp:4  | 28670 ||| Stepping ~*~*~tactically~*~*~ (stealth).
 28683 | Swamp:4  | 28683 ||| Stepping ~*~*~tactically~*~*~ (stealth).
 28737 | Swamp:4  | 28737 ||| Stepping ~*~*~tactically~*~*~ (stealth).
 28738 | Swamp:4  | 28738 ||| Stepping ~*~*~tactically~*~*~ (stealth).
 28741 | Swamp:4  | 28741 ||| Stepping ~*~*~tactically~*~*~ (stealth).
 28755 | Swamp:4  | 28755 ||| Stepping ~*~*~tactically~*~*~ (stealth).
 28768 | Swamp:4  | 28768 ||| Stepping ~*~*~tactically~*~*~ (stealth).
 28785 | Swamp:4  | 28785 ||| Stepping ~*~*~tactically~*~*~ (stealth).
 28800 | Swamp:4  | 28800 ||| INVOKING Heroism.
 28802 | Swamp:4  | Received a gift from Okawaru
 28806 | Swamp:4  | HP: 28/117 [17-headed hydra zombie (6)]
 28807 | Swamp:4  | 28807 ||| READING 9 scrolls of teleportation.
 28807 | Swamp:4  | HP: 11/117 [17-headed hydra zombie (3)]
 28808 | Swamp:4  | 28808 ||| DRINKING 7 potions of heal wounds.
 28809 | Swamp:4  | 28809 ||| DRINKING 6 potions of heal wounds.
 29051 | Swamp:4  | 29051 ||| Stepping ~*~*~tactically~*~*~ (stealth).
 29072 | Swamp:4  | Paralysed by something for 3 turns
 29187 | Swamp:4  | 29187 ||| READING scroll of acquirement.
 29187 | Swamp:4  | 29187 ||| ACQUIRING 1176 gold pieces
 29187 | Swamp:4  | Acquired 1176 gold pieces
 29224 | Swamp:4  | Received a gift from Okawaru
 29305 | Swamp:4  | 29305 ||| Stepping ~*~*~tactically~*~*~ (stealth).
 29307 | Swamp:4  | 29307 ||| Stepping ~*~*~tactically~*~*~ (stealth).
 29309 | Swamp:4  | 29309 ||| Stepping ~*~*~tactically~*~*~ (hiding).
 29386 | Swamp:4  | Found a basalt altar of Yredelemnul.
 29399 | Swamp:4  | Got a decaying rune of Zot
 29416 | Swamp:4  | 29416 ||| Stepping ~*~*~tactically~*~*~ (stealth).
 29422 | Swamp:4  | 29422 ||| Stepping ~*~*~tactically~*~*~ (hiding).
 29423 | Swamp:4  | 29423 ||| INVOKING Heroism.
 29424 | Swamp:4  | 29424 ||| INVOKING Finesse.
 29440 | Swamp:4  | Found a blossoming altar of Fedhas.
 29441 | Swamp:4  | 29441 ||| Stepping ~*~*~tactically~*~*~ (hiding).
 29453 | Swamp:4  | Reached skill level 15 in Fighting
 29453 | Swamp:4  | 29453 ||| Stepping ~*~*~tactically~*~*~ (hiding).
 29479 | Swamp:4  | 29479 ||| INVOKING Heroism.
 29480 | Swamp:4  | 29480 ||| FLEEEEING.
 29647 | Swamp:4  | 29647 ||| INVOKING Heroism.
 29648 | Swamp:4  | 29648 ||| INVOKING Finesse.
 29659 | Swamp:4  | 29659 ||| READING 8 scrolls of teleportation.
 29666 | Swamp:4  | 29666 ||| READING 7 scrolls of teleportation.
 30012 | Swamp:4  | 30012 ||| PLANNING VAULTS:1-4
 30253 | Vaults:1 | Entered Level 1 of the Vaults
 30276 | Vaults:1 | 30276 ||| INVOKING Heroism.
 30365 | Vaults:1 | 30365 ||| Stepping ~*~*~tactically~*~*~ (hiding).
 30368 | Vaults:1 | 30368 ||| Stepping ~*~*~tactically~*~*~ (hiding).
 30374 | Vaults:1 | 30374 ||| INVOKING Heroism.
 30542 | Vaults:1 | 30542 ||| Stepping ~*~*~tactically~*~*~ (stealth).
 30561 | Vaults:1 | 30561 ||| Stepping ~*~*~tactically~*~*~ (stealth).
 30568 | Vaults:1 | 30568 ||| INVOKING Heroism.
 30583 | Vaults:1 | Reached skill level 15 in Armour
 30648 | Vaults:1 | 30648 ||| Stepping ~*~*~tactically~*~*~ (hiding).
 30651 | Vaults:1 | 30651 ||| Stepping ~*~*~tactically~*~*~ (hiding).
 30662 | Vaults:1 | 30662 ||| INVOKING Heroism.
 30663 | Vaults:1 | 30663 ||| INVOKING Finesse.
 30675 | Vaults:1 | Reached XP level 19. HP: 124/124 MP: 19/26
 30681 | Vaults:1 | Identified the +10 tower shield "Ediodgh" {Rampage Drain
                  | rF+ rC+++} (Okawaru gifted it to you on level 1 of the
                  | Vaults)
 30681 | Vaults:1 | Received a gift from Okawaru
 30721 | Vaults:1 | 30721 ||| Stepping ~*~*~tactically~*~*~ (stealth).
 30723 | Vaults:1 | 30723 ||| Stepping ~*~*~tactically~*~*~ (hiding).
 30735 | Vaults:1 | 30735 ||| INVOKING Heroism.
 30751 | Vaults:1 | 30751 ||| INVOKING Finesse.
 31088 | Vaults:1 | 31088 ||| INVOKING Heroism.
 31201 | Vaults:1 | 31201 ||| Stepping ~*~*~tactically~*~*~ (stealth).
 31268 | Vaults:1 | 31268 ||| Stepping ~*~*~tactically~*~*~ (hiding).
 31272 | Vaults:1 | 31272 ||| Stepping ~*~*~tactically~*~*~ (hiding).
 31281 | Vaults:1 | 31281 ||| Stepping ~*~*~tactically~*~*~ (hiding).
 31286 | Vaults:1 | 31286 ||| Stepping ~*~*~tactically~*~*~ (hiding).
 31299 | Vaults:1 | 31299 ||| Stepping ~*~*~tactically~*~*~ (hiding).
 31433 | Vaults:1 | 31433 ||| INVOKING Heroism.
 31443 | Vaults:1 | Reached skill level 9 in Throwing
 31527 | Vaults:1 | 31527 ||| INVOKING Heroism.
 31590 | Vaults:1 | 31590 ||| INVOKING Heroism.
 31596 | Vaults:1 | 31596 ||| INVOKING Finesse.
 31678 | Vaults:1 | 31678 ||| INVOKING Heroism.
 31679 | Vaults:1 | 31679 ||| INVOKING Finesse.
 31727 | Vaults:1 | 31727 ||| Stepping ~*~*~tactically~*~*~ (stealth).
 31815 | Vaults:1 | 31815 ||| Stepping ~*~*~tactically~*~*~ (hiding).
 31929 | Vaults:1 | 31929 ||| Stepping ~*~*~tactically~*~*~ (stealth).
 31931 | Vaults:1 | 31931 ||| Stepping ~*~*~tactically~*~*~ (stealth).
 31932 | Vaults:1 | 31932 ||| Stepping ~*~*~tactically~*~*~ (stealth).
 31933 | Vaults:1 | 31933 ||| Stepping ~*~*~tactically~*~*~ (stealth).
 31936 | Vaults:1 | 31936 ||| Stepping ~*~*~tactically~*~*~ (hiding).
 31938 | Vaults:1 | 31938 ||| INVOKING Heroism.
 31945 | Vaults:1 | Reached skill level 16 in Fighting
 31955 | Vaults:1 | 31955 ||| Stepping ~*~*~tactically~*~*~ (hiding).
 32079 | Vaults:1 | 32079 ||| READING scroll of enchant armour.
 32079 | Vaults:1 | 32079 ||| ENCHANTING +0 plate armour of cold resistance.
 32204 | Vaults:1 | 32204 ||| UPGRADING to +10 tower shield "Ediodgh" {Rampage
                  | Drain rF+ rC+++}.
 32214 | Vaults:1 | 32214 ||| DROPPING +1 tower shield of Patience {rF+}.
 32215 | Vaults:1 | 32215 ||| UPGRADING to +4 plate armour of willpower.
 32225 | Vaults:1 | 32225 ||| DROPPING scarf of invisibility.
 32226 | Vaults:1 | 32226 ||| DROPPING ring of positive energy.
 32316 | Vaults:2 | 32316 ||| INVOKING Heroism.
 32327 | Vaults:2 | Received a gift from Okawaru
 32334 | Vaults:2 | 32334 ||| DROPPING +0 broad axe of electrocution.
 32440 | Vaults:2 | 32440 ||| Stepping ~*~*~tactically~*~*~ (stealth).
 32442 | Vaults:2 | 32442 ||| Stepping ~*~*~tactically~*~*~ (hiding).
 32447 | Vaults:2 | 32447 ||| Stepping ~*~*~tactically~*~*~ (stealth).
 32452 | Vaults:2 | 32452 ||| INVOKING Heroism.
 32509 | Vaults:2 | 32509 ||| Stepping ~*~*~tactically~*~*~ (hiding).
 32536 | Vaults:2 | 32536 ||| Stepping ~*~*~tactically~*~*~ (stealth).
 32545 | Vaults:2 | 32545 ||| Stepping ~*~*~tactically~*~*~ (hiding).
 32847 | Vaults:2 | 32847 ||| Stepping ~*~*~tactically~*~*~ (stealth).
 32906 | Vaults:2 | 32906 ||| Stepping ~*~*~tactically~*~*~ (stealth).
 32907 | Vaults:2 | 32907 ||| Stepping ~*~*~tactically~*~*~ (stealth).
 32925 | Vaults:2 | 32925 ||| Stepping ~*~*~tactically~*~*~ (hiding).
 32929 | Vaults:2 | 32929 ||| Stepping ~*~*~tactically~*~*~ (stealth).
 32957 | Vaults:2 | 32957 ||| Stepping ~*~*~tactically~*~*~ (stealth).
 32967 | Vaults:2 | 32967 ||| INVOKING Heroism.
 33007 | Vaults:2 | 33007 ||| INVOKING Heroism.
 33008 | Vaults:2 | 33008 ||| INVOKING Finesse.
 33082 | Vaults:2 | 33082 ||| Stepping ~*~*~tactically~*~*~ (hiding).
 33083 | Vaults:2 | 33083 ||| Stepping ~*~*~tactically~*~*~ (hiding).
 33086 | Vaults:2 | 33086 ||| Stepping ~*~*~tactically~*~*~ (hiding).
 33136 | Vaults:2 | 33136 ||| Stepping ~*~*~tactically~*~*~ (hiding).
 33156 | Vaults:2 | 33156 ||| FLEEEEING.
 33157 | Vaults:2 | 33157 ||| FLEEEEING.
 33158 | Vaults:2 | 33158 ||| FLEEEEING.
 33159 | Vaults:2 | 33159 ||| FLEEEEING.
 33160 | Vaults:2 | 33160 ||| FLEEEEING.
 33161 | Vaults:2 | 33161 ||| FLEEEEING.
 33162 | Vaults:2 | 33162 ||| FLEEEEING.
 33168 | Vaults:2 | 33168 ||| FLEEEEING.
 33169 | Vaults:2 | 33169 ||| FLEEEEING.
 33170 | Vaults:2 | 33170 ||| STAIRDANCE
 33272 | Vaults:1 | 33272 ||| DROPPING +1 pair of gloves.
 33287 | Vaults:2 | 33287 ||| DRINKING 17 potions of curing.
 33287 | Vaults:2 | 33287 ||| (to cure confusion)
 33355 | Vaults:2 | 33355 ||| FLEEEEING.
 33356 | Vaults:2 | 33356 ||| FLEEEEING.
 33357 | Vaults:2 | 33357 ||| FLEEEEING.
 33358 | Vaults:2 | 33358 ||| FLEEEEING.
 33359 | Vaults:2 | 33359 ||| FLEEEEING.
 33360 | Vaults:2 | 33360 ||| FLEEEEING.
 33361 | Vaults:2 | 33361 ||| FLEEEEING.
 33362 | Vaults:2 | 33362 ||| FLEEEEING.
 33363 | Vaults:2 | 33363 ||| FLEEEEING.
 33364 | Vaults:2 | 33364 ||| FLEEEEING.
 33365 | Vaults:2 | 33365 ||| STAIRDANCE
 33469 | Vaults:2 | 33469 ||| STAIRDANCE
 33477 | Vaults:2 | 33477 ||| STAIRDANCE
 33479 | Vaults:1 | 33479 ||| INVOKING Heroism.
 33480 | Vaults:1 | 33480 ||| INVOKING Finesse.
 33489 | Vaults:1 | Received a gift from Okawaru
 33524 | Vaults:2 | 33524 ||| STAIRDANCE
 33536 | Vaults:2 | 33536 ||| STAIRDANCE
 33642 | Vaults:2 | 33642 ||| DRINKING 16 potions of curing.
 33642 | Vaults:2 | 33642 ||| (to cure confusion)
 33910 | Vaults:3 | 33910 ||| PLANNING WIZLAB
 33913 | Vaults:3 | 33913 ||| Stepping ~*~*~tactically~*~*~ (hiding).
 33957 | Vaults:3 | 33957 ||| INVOKING Heroism.
 33961 | Vaults:3 | Received a gift from Okawaru
 33972 | Vaults:3 | Reached XP level 20. HP: 133/133 MP: 27/27
 33975 | Vaults:3 | Reached skill level 17 in Fighting
 34069 | Vaults:3 | 34069 ||| INVOKING Heroism.
 34101 | Vaults:3 | 34101 ||| Stepping ~*~*~tactically~*~*~ (stealth).
 34143 | Vaults:3 | 34143 ||| FLEEEEING.
 34144 | Vaults:3 | 34144 ||| FLEEEEING.
 34145 | Vaults:3 | 34145 ||| FLEEEEING.
 34146 | Vaults:3 | 34146 ||| FLEEEEING.
 34147 | Vaults:3 | 34147 ||| FLEEEEING.
 34148 | Vaults:3 | 34148 ||| FLEEEEING.
 34149 | Vaults:3 | 34149 ||| FLEEEEING.
 34150 | Vaults:3 | 34150 ||| FLEEEEING.
 34157 | Vaults:3 | 34157 ||| INVOKING Heroism.
 34184 | Vaults:3 | Received a gift from Okawaru
 34386 | Vaults:3 | 34386 ||| FLEEEEING.
 34392 | Vaults:3 | 34392 ||| STAIRDANCE
 34494 | Vaults:2 | 34494 ||| DROPPING +1 helmet.
 34497 | Vaults:3 | 34497 ||| STAIRDANCE
 34506 | Vaults:3 | 34506 ||| STAIRDANCE
 34516 | Vaults:3 | 34516 ||| STAIRDANCE
 34533 | Vaults:3 | 34533 ||| STAIRDANCE
 34549 | Vaults:3 | 34549 ||| Stepping ~*~*~tactically~*~*~ (hiding).
 34591 | Vaults:3 | 34591 ||| Stepping ~*~*~tactically~*~*~ (hiding).
 34597 | Vaults:3 | 34597 ||| INVOKING Heroism.
 34612 | Vaults:3 | Found a staircase to the Crypt.
 34624 | Vaults:3 | 34624 ||| Stepping ~*~*~tactically~*~*~ (hiding).
 34625 | Vaults:3 | 34625 ||| Stepping ~*~*~tactically~*~*~ (hiding).
 34673 | Vaults:3 | 34673 ||| RIP WIZLAB
 34729 | Vaults:3 | 34729 ||| PLANNING VAULTS:1-4
 34779 | Vaults:3 | Found Tutus's Book Emporium.
 34878 | Vaults:3 | 34878 ||| Stepping ~*~*~tactically~*~*~ (stealth).
 34882 | Vaults:3 | 34882 ||| Stepping ~*~*~tactically~*~*~ (stealth).
 34913 | Vaults:3 | 34913 ||| INVOKING Heroism.
 34919 | Vaults:3 | 34919 ||| Stepping ~*~*~tactically~*~*~ (hiding).
 34923 | Vaults:3 | 34923 ||| Stepping ~*~*~tactically~*~*~ (hiding).
 34995 | Vaults:3 | Noticed Margery
 34996 | Vaults:3 | 34996 ||| DRINKING 3 potions of resistance.
 34997 | Vaults:3 | 34997 ||| INVOKING Heroism.
 35025 | Vaults:3 | Killed Margery
 35130 | Vaults:3 | 35130 ||| Stepping ~*~*~tactically~*~*~ (stealth).
 35131 | Vaults:3 | 35131 ||| Stepping ~*~*~tactically~*~*~ (stealth).
 35139 | Vaults:3 | 35139 ||| Stepping ~*~*~tactically~*~*~ (stealth).
 35688 | Vaults:4 | 35688 ||| INVOKING Heroism.
 35711 | Vaults:4 | 35711 ||| INVOKING Finesse.
 35816 | Vaults:4 | 35816 ||| INVOKING Heroism.
 35829 | Vaults:4 | 35829 ||| DRINKING 17 potions of curing.
 35829 | Vaults:4 | 35829 ||| (to cure confusion)
 36055 | Vaults:4 | Paralysed by an ogre mage for 3 turns
 36071 | Vaults:4 | 36071 ||| FLEEEEING.
 36072 | Vaults:4 | 36072 ||| FLEEEEING.
 36073 | Vaults:4 | 36073 ||| FLEEEEING.
 36074 | Vaults:4 | 36074 ||| FLEEEEING.
 36075 | Vaults:4 | 36075 ||| FLEEEEING.
 36081 | Vaults:4 | 36081 ||| FLEEEEING.
 36082 | Vaults:4 | 36082 ||| FLEEEEING.
 36083 | Vaults:4 | 36083 ||| FLEEEEING.
 36084 | Vaults:4 | 36084 ||| FLEEEEING.
 36085 | Vaults:4 | 36085 ||| FLEEEEING.
 36086 | Vaults:4 | 36086 ||| FLEEEEING.
 36087 | Vaults:4 | 36087 ||| FLEEEEING.
 36088 | Vaults:4 | 36088 ||| FLEEEEING.
 36089 | Vaults:4 | 36089 ||| FLEEEEING.
 36090 | Vaults:4 | 36090 ||| FLEEEEING.
 36092 | Vaults:4 | 36092 ||| FLEEEEING.
 36093 | Vaults:4 | 36093 ||| FLEEEEING.
 36094 | Vaults:4 | 36094 ||| FLEEEEING.
 36095 | Vaults:4 | 36095 ||| FLEEEEING.
 36096 | Vaults:4 | 36096 ||| FLEEEEING.
 36097 | Vaults:4 | 36097 ||| FLEEEEING.
 36098 | Vaults:4 | 36098 ||| FLEEEEING.
 36099 | Vaults:4 | 36099 ||| FLEEEEING.
 36100 | Vaults:4 | 36100 ||| FLEEEEING.
 36101 | Vaults:4 | 36101 ||| FLEEEEING.
 36102 | Vaults:4 | 36102 ||| FLEEEEING.
 36103 | Vaults:4 | 36103 ||| FLEEEEING.
 36104 | Vaults:4 | 36104 ||| FLEEEEING.
 36105 | Vaults:4 | 36105 ||| FLEEEEING.
 36106 | Vaults:4 | 36106 ||| FLEEEEING.
 36107 | Vaults:4 | 36107 ||| FLEEEEING.
 36108 | Vaults:4 | 36108 ||| FLEEEEING.
 36109 | Vaults:4 | 36109 ||| FLEEEEING.
 36110 | Vaults:4 | 36110 ||| INVOKING Heroism.
 36121 | Vaults:4 | Reached skill level 18 in Fighting
 36155 | Vaults:4 | 36155 ||| INVOKING Heroism.
 36203 | Vaults:4 | 36203 ||| Stepping ~*~*~tactically~*~*~ (stealth).
 36314 | Vaults:4 | 36314 ||| Stepping ~*~*~tactically~*~*~ (hiding).
 36321 | Vaults:4 | Received a gift from Okawaru
 36362 | Vaults:4 | 36362 ||| Stepping ~*~*~tactically~*~*~ (hiding).
 36369 | Vaults:4 | 36369 ||| INVOKING Heroism.
 36445 | Vaults:4 | 36445 ||| Stepping ~*~*~tactically~*~*~ (hiding).
 36596 | Vaults:4 | 36596 ||| INVOKING Heroism.
 36662 | Vaults:4 | 36662 ||| INVOKING Heroism.
 36776 | Vaults:4 | 36776 ||| Stepping ~*~*~tactically~*~*~ (hiding).
 36785 | Vaults:4 | Received a gift from Okawaru
 36790 | Vaults:4 | 36790 ||| Stepping ~*~*~tactically~*~*~ (stealth).
 37056 | Vaults:4 | 37056 ||| Stepping ~*~*~tactically~*~*~ (stealth).
 37096 | Vaults:4 | 37096 ||| PLANNING SNAKE:4
 37460 | Snake:4  | Entered Level 4 of the Snake Pit
 37463 | Snake:4  | 37463 ||| INVOKING Heroism.
 37502 | Snake:4  | Reached XP level 21. HP: 141/141 MP: 28/28
 37509 | Snake:4  | 37509 ||| INVOKING Heroism.
 37538 | Snake:4  | 37538 ||| INVOKING Heroism.
 37544 | Snake:4  | Reached skill level 18 in Armour
 37549 | Snake:4  | Identified the +2 halberd of the Disturbing Tusks {spect,
                  | rN+}
 37577 | Snake:4  | 37577 ||| INVOKING Heroism.
 37578 | Abyss:2  | Cast into level 2 of the Abyss (salamander)
 37616 | Abyss:2  | 37616 ||| Stepping ~*~*~tactically~*~*~ (hiding).
 37678 | Snake:4  | Escaped the Abyss
 37679 | Snake:4  | 37679 ||| INVOKING Heroism.
 37739 | Snake:4  | 37739 ||| Stepping ~*~*~tactically~*~*~ (hiding).
 37751 | Snake:4  | 37751 ||| Stepping ~*~*~tactically~*~*~ (hiding).
 37759 | Snake:4  | 37759 ||| INVOKING Heroism.
 37791 | Snake:4  | 37791 ||| Stepping ~*~*~tactically~*~*~ (stealth).
 37793 | Snake:4  | 37793 ||| Stepping ~*~*~tactically~*~*~ (hiding).
 37800 | Snake:4  | 37800 ||| INVOKING Heroism.
 37806 | Snake:4  | Reached skill level 19 in Fighting
 37825 | Snake:4  | Received a gift from Okawaru
 37826 | Snake:4  | 37826 ||| Stepping ~*~*~tactically~*~*~ (hiding).
 37956 | Snake:4  | Got a serpentine rune of Zot
 38007 | Snake:4  | Identified the +0 cloak of the Sacrificial Victim {rPois
                  | rN+ MP+9}
 38063 | Snake:4  | Found Xautin's Antique Armour Boutique.
 38070 | Snake:4  | 38070 ||| BUYING pair of faintly glowing gloves (370 gold).
 38070 | Snake:4  | Bought a pair of faintly glowing gloves for 370 gold pieces
 38070 | Snake:4  | Identified the +0 pair of gloves of Temperance {rF+ Str-5
                  | Int+4 Stlth+} (You bought it in a shop on level 4 of the
                  | Snake Pit)
 39014 | Snake:4  | 39014 ||| PLANNING DEPTHS
 39014 | Snake:4  | 39014 ||| DROPPING +0 cloak of the Sacrificial Victim
                  | {rPois rN+ MP+9}.
 39358 | Depths:1 | Entered Level 1 of the Depths
 39367 | Depths:1 | 39367 ||| INVOKING Heroism.
 39368 | Depths:1 | 39368 ||| INVOKING Finesse.
 39481 | Depths:1 | 39481 ||| INVOKING Heroism.
 39482 | Depths:1 | 39482 ||| INVOKING Finesse.
 39520 | Depths:1 | You are sucked into a shaft and drop 1 floor!
 39529 | Depths:2 | Found a one-way gate leading to the halls of Pandemonium.
 39593 | Depths:2 | 39593 ||| Stepping ~*~*~tactically~*~*~ (stealth).
 39595 | Depths:2 | 39595 ||| Stepping ~*~*~tactically~*~*~ (hiding).
 39612 | Depths:2 | 39612 ||| INVOKING Heroism.
 39621 | Depths:2 | 39621 ||| INVOKING Finesse.
 39642 | Depths:2 | Identified the +1 scale mail of Okawaru's Benevolence {rF+
                  | rCorr} (Okawaru gifted it to you on level 2 of the Depths)
 39642 | Depths:2 | Received a gift from Okawaru
 39693 | Depths:2 | Found a hide-covered altar of Uskayaw.
 39704 | Depths:2 | 39704 ||| DROPPING amulet of faith.
 39809 | Depths:1 | 39809 ||| Stepping ~*~*~tactically~*~*~ (hiding).
 39816 | Depths:1 | 39816 ||| INVOKING Heroism.
 39817 | Depths:1 | 39817 ||| INVOKING Finesse.
 39926 | Depths:1 | 39926 ||| INVOKING Heroism.
 39968 | Depths:1 | 39968 ||| Stepping ~*~*~tactically~*~*~ (hiding).
 39974 | Depths:1 | 39974 ||| Stepping ~*~*~tactically~*~*~ (hiding).
 39985 | Depths:1 | 39985 ||| INVOKING Heroism.
 39986 | Depths:1 | 39986 ||| INVOKING Finesse.
 40116 | Depths:1 | 40116 ||| INVOKING Finesse.
 40224 | Depths:1 | Found a gateway to Hell.
 40459 | Depths:1 | Found a runed translucent door.
 40463 | Depths:1 | Found a radiant altar of Vehumet.
 40464 | Depths:1 | Noticed an ancient lich
 40578 | Depths:2 | 40578 ||| STAIRDANCE
 40634 | Depths:2 | 40634 ||| STAIRDANCE
 40636 | Depths:1 | 40636 ||| INVOKING Heroism.
 40637 | Depths:1 | 40637 ||| INVOKING Finesse.
 40726 | Depths:2 | 40726 ||| STAIRDANCE
 40823 | Depths:2 | 40823 ||| INVOKING Heroism.
 40853 | Depths:2 | 40853 ||| INVOKING Finesse.
 40907 | Depths:2 | 40907 ||| READING scroll of enchant armour.
 40907 | Depths:2 | 40907 ||| ENCHANTING +4 plate armour of willpower.
 41261 | Depths:2 | Found a sacrificial altar of Ru.
 41437 | Depths:3 | 41437 ||| INVOKING Heroism.
 41438 | Depths:3 | 41438 ||| INVOKING Finesse.
 41547 | Depths:3 | 41547 ||| INVOKING Heroism.
 41587 | Depths:3 | Found a hazy altar of Hepliaklqana.
 41692 | Depths:3 | Reached XP level 22. HP: 150/150 MP: 29/29
 41699 | Depths:3 | 41699 ||| INVOKING Heroism.
 41725 | Depths:3 | Found a runed translucent gate.
 41725 | Depths:3 | Found a runed translucent gate.
 41735 | Depths:3 | Found a runed translucent gate.
 41736 | Depths:3 | 41736 ||| Stepping ~*~*~tactically~*~*~ (hiding).
 41739 | Depths:3 | 41739 ||| INVOKING Heroism.
 41772 | Depths:3 | 41772 ||| Stepping ~*~*~tactically~*~*~ (hiding).
 41779 | Depths:3 | Received a gift from Okawaru
 41941 | Depths:3 | 41941 ||| Stepping ~*~*~tactically~*~*~ (hiding).
 41942 | Depths:3 | 41942 ||| Stepping ~*~*~tactically~*~*~ (hiding).
 42073 | Depths:3 | 42073 ||| INVOKING Heroism.
 42075 | Depths:3 | 42075 ||| INVOKING Finesse.
 42089 | Depths:3 | Reached skill level 20 in Fighting
 42102 | Depths:3 | 42102 ||| Stepping ~*~*~tactically~*~*~ (hiding).
 42154 | Depths:3 | 42154 ||| Stepping ~*~*~tactically~*~*~ (hiding).
 42156 | Depths:3 | 42156 ||| Stepping ~*~*~tactically~*~*~ (hiding).
 42242 | Depths:3 | 42242 ||| READING scroll of enchant armour.
 42242 | Depths:3 | 42242 ||| ENCHANTING +5 plate armour of willpower.
 42332 | Depths:3 | 42332 ||| Stepping ~*~*~tactically~*~*~ (hiding).
 42333 | Depths:3 | 42333 ||| Stepping ~*~*~tactically~*~*~ (hiding).
 42345 | Depths:3 | 42345 ||| INVOKING Finesse.
 42354 | Depths:3 | 42354 ||| INVOKING Heroism.
 42704 | Depths:3 | Found the +3 warlock's mirror {reflect}
 42776 | Depths:3 | Noticed WeeknightWizard's ghost (veteran DEFE)
 42783 | Depths:3 | Noticed an ancient lich
 42851 | Depths:3 | Found Xar Node's Antique Weapon Emporium.
 42901 | Depths:3 | 42901 ||| DROPPING +0 fire dragon scales.
 42902 | Depths:3 | 42902 ||| DROPPING +2 helmet.
 42903 | Depths:3 | 42903 ||| DROPPING ring of ice.
 42918 | Depths:4 | Entered Level 4 of the Depths
 42918 | Depths:4 | Found an iron altar of Okawaru.
 42926 | Depths:4 | 42926 ||| INVOKING Heroism.
 42930 | Depths:4 | Reached skill level 6 in Dodging
 42984 | Depths:4 | 42984 ||| INVOKING Heroism.
 42986 | Depths:4 | Received a gift from Okawaru
 43053 | Depths:4 | Found a one-way gateway to a ziggurat.
 43078 | Depths:4 | 43078 ||| Stepping ~*~*~tactically~*~*~ (stealth).
 43082 | Depths:4 | 43082 ||| Stepping ~*~*~tactically~*~*~ (hiding).
 43110 | Depths:4 | 43110 ||| Stepping ~*~*~tactically~*~*~ (hiding).
 43121 | Depths:4 | Identified the +4 ring mail "Tooba" {rElec rF- Int+8
                  | Stlth+} (Okawaru gifted it to you on level 4 of the Depths)
 43121 | Depths:4 | Received a gift from Okawaru
 43123 | Depths:4 | 43123 ||| Stepping ~*~*~tactically~*~*~ (stealth).
 43124 | Depths:4 | 43124 ||| Stepping ~*~*~tactically~*~*~ (stealth).
 43127 | Depths:4 | 43127 ||| Stepping ~*~*~tactically~*~*~ (stealth).
 43130 | Depths:4 | 43130 ||| Stepping ~*~*~tactically~*~*~ (stealth).
 43218 | Depths:4 | 43218 ||| INVOKING Heroism.
 43219 | Depths:4 | 43219 ||| INVOKING Finesse.
 43312 | Depths:4 | 43312 ||| Stepping ~*~*~tactically~*~*~ (hiding).
 43328 | Depths:4 | 43328 ||| INVOKING Heroism.
 43350 | Depths:4 | 43350 ||| Stepping ~*~*~tactically~*~*~ (hiding).
 43520 | Depths:4 | Identified the +0 chain mail "Ceasaergh" {rElec rPois
                  | Regen+}
 43522 | Depths:4 | Identified the ring of the Past {rN+ Int+2}
 43582 | Depths:4 | 43582 ||| Stepping ~*~*~tactically~*~*~ (stealth).
 43583 | Depths:4 | 43583 ||| Stepping ~*~*~tactically~*~*~ (stealth).
 43585 | Depths:4 | 43585 ||| Stepping ~*~*~tactically~*~*~ (stealth).
 43586 | Depths:4 | 43586 ||| Stepping ~*~*~tactically~*~*~ (stealth).
 43587 | Depths:4 | 43587 ||| INVOKING Heroism.
 43588 | Depths:4 | 43588 ||| INVOKING Finesse.
 43645 | Depths:4 | 43645 ||| Stepping ~*~*~tactically~*~*~ (hiding).
 43646 | Depths:4 | 43646 ||| Stepping ~*~*~tactically~*~*~ (hiding).
 43648 | Depths:4 | 43648 ||| Stepping ~*~*~tactically~*~*~ (hiding).
 43651 | Depths:4 | 43651 ||| INVOKING Heroism.
 43699 | Depths:4 | 43699 ||| Stepping ~*~*~tactically~*~*~ (stealth).
 43701 | Depths:4 | 43701 ||| Stepping ~*~*~tactically~*~*~ (hiding).
 43710 | Depths:4 | 43710 ||| Stepping ~*~*~tactically~*~*~ (hiding).
 43715 | Depths:4 | 43715 ||| Stepping ~*~*~tactically~*~*~ (hiding).
 43717 | Depths:4 | Reached skill level 21 in Shields
 43743 | Depths:4 | 43743 ||| FLEEEEING.
 43744 | Depths:4 | 43744 ||| FLEEEEING.
 43746 | Depths:4 | 43746 ||| INVOKING Heroism.
 43752 | Depths:4 | 43752 ||| INVOKING Finesse.
 43804 | Depths:4 | Noticed a golden dragon
 43817 | Depths:4 | Killed a golden dragon
 43818 | Depths:4 | 43818 ||| INVOKING Finesse.
 43985 | Depths:4 | 43985 ||| INVOKING Heroism.
 43987 | Depths:4 | Found a gate to the Realm of Zot.
 44008 | Depths:4 | Reached skill level 21 in Fighting
 44378 | Depths:4 | 44378 ||| PLANNING VAULTS:5
 44378 | Depths:4 | 44378 ||| DROPPING ring of the Past {rN+ Int+2}.
 44673 | Vaults:5 | Entered Level 5 of the Vaults
 44674 | Vaults:5 | 44674 ||| INVOKING Heroism.
 44675 | Vaults:5 | 44675 ||| STAIRDANCE
 44697 | Vaults:5 | 44697 ||| STAIRDANCE
 44734 | Vaults:5 | Reached XP level 23. HP: 159/160 MP: 30/30
 44738 | Vaults:5 | 44738 ||| STAIRDANCE
 44742 | Vaults:4 | 44742 ||| INVOKING Heroism.
 44744 | Vaults:4 | Reached skill level 12 in Throwing
 44761 | Vaults:5 | 44761 ||| STAIRDANCE
 44774 | Vaults:5 | 44774 ||| STAIRDANCE
 44785 | Vaults:4 | Received a gift from Okawaru
 44792 | Vaults:5 | 44792 ||| STAIRDANCE
 44805 | Vaults:5 | 44805 ||| STAIRDANCE
 44828 | Vaults:5 | 44828 ||| INVOKING Heroism.
 44888 | Vaults:5 | Received a gift from Okawaru
 44906 | Vaults:5 | 44906 ||| Stepping randomly (disturbance).
 44907 | Vaults:5 | 44907 ||| Stepping randomly (disturbance).
 44911 | Vaults:5 | Reached skill level 21 in Armour
 44942 | Vaults:5 | 44942 ||| Stepping ~*~*~tactically~*~*~ (stealth).
 44975 | Vaults:5 | 44975 ||| Stepping ~*~*~tactically~*~*~ (stealth).
 44983 | Vaults:5 | 44983 ||| INVOKING Heroism.
 44984 | Vaults:5 | 44984 ||| INVOKING Finesse.
 44985 | Vaults:5 | 44985 ||| Stepping ~*~*~tactically~*~*~ (hiding).
 45016 | Vaults:5 | 45016 ||| Stepping ~*~*~tactically~*~*~ (hiding).
 45017 | Vaults:5 | 45017 ||| Stepping ~*~*~tactically~*~*~ (hiding).
 45035 | Vaults:5 | Received a gift from Okawaru
 45043 | Vaults:5 | 45043 ||| INVOKING Heroism.
 45044 | Vaults:5 | 45044 ||| INVOKING Finesse.
 45196 | Vaults:5 | Got a silver rune of Zot
 45274 | Vaults:5 | Noticed Mennas
 45275 | Vaults:5 | 45275 ||| Stepping ~*~*~tactically~*~*~ (hiding).
 45276 | Vaults:5 | 45276 ||| INVOKING Heroism.
 45277 | Vaults:5 | 45277 ||| INVOKING Finesse.
 45331 | Vaults:5 | 45331 ||| DRINKING 20 potions of curing.
 45331 | Vaults:5 | 45331 ||| (to cure confusion)
 45365 | Vaults:5 | Killed Mennas
 45365 | Vaults:5 | Identified the +9 plate armour of Okawaru, Protecting
                  | {Rampage rN+ rCorr} (Okawaru gifted it to you on level 5 of
                  | the Vaults)
 45365 | Vaults:5 | Received a gift from Okawaru
 45382 | Vaults:5 | 45382 ||| Stepping ~*~*~tactically~*~*~ (hiding).
 45383 | Vaults:5 | 45383 ||| Stepping ~*~*~tactically~*~*~ (hiding).
 45391 | Vaults:5 | Reached skill level 22 in Fighting
 45397 | Vaults:5 | 45397 ||| Stepping ~*~*~tactically~*~*~ (stealth).
 45399 | Vaults:5 | 45399 ||| Stepping ~*~*~tactically~*~*~ (hiding).
 45403 | Vaults:5 | 45403 ||| INVOKING Heroism.
 45419 | Vaults:5 | 45419 ||| Stepping ~*~*~tactically~*~*~ (stealth).
 45433 | Vaults:5 | Found Ythoe's Antique Weapon Emporium.
 45445 | Vaults:5 | 45445 ||| BUYING slimy broad axe (189 gold).
 45445 | Vaults:5 | Bought a slimy broad axe for 189 gold pieces
 45445 | Vaults:5 | Identified the +5 broad axe of the Thieving Gods {vorpal,
                  | *Rage Will+ Str+5 Int+2} (You bought it in a shop on level
                  | 5 of the Vaults)
 45445 | Vaults:5 | 45445 ||| DROPPING +5 broad axe of the Thieving Gods
                  | {vorpal, *Rage Will+ Str+5 Int+2}.
 45455 | Vaults:5 | 45455 ||| Stepping ~*~*~tactically~*~*~ (stealth).
 45461 | Vaults:5 | 45461 ||| Stepping ~*~*~tactically~*~*~ (stealth).
 45463 | Vaults:5 | 45463 ||| Stepping ~*~*~tactically~*~*~ (hiding).
 45513 | Vaults:5 | 45513 ||| Stepping ~*~*~tactically~*~*~ (hiding).
 45530 | Vaults:5 | 45530 ||| Stepping ~*~*~tactically~*~*~ (hiding).
 45534 | Vaults:5 | 45534 ||| INVOKING Heroism.
 45562 | Vaults:5 | 45562 ||| Stepping ~*~*~tactically~*~*~ (hiding).
 45580 | Vaults:5 | 45580 ||| INVOKING Heroism.
 45625 | Vaults:5 | 45625 ||| INVOKING Finesse.
 45640 | Vaults:5 | 45640 ||| Stepping ~*~*~tactically~*~*~ (hiding).
 45662 | Vaults:5 | 45662 ||| Stepping ~*~*~tactically~*~*~ (hiding).
 45663 | Vaults:5 | 45663 ||| Stepping ~*~*~tactically~*~*~ (hiding).
 45719 | Vaults:5 | Noticed an ancient lich
 45720 | Vaults:5 | 45720 ||| Stepping ~*~*~tactically~*~*~ (hiding).
 45721 | Vaults:5 | 45721 ||| INVOKING Heroism.
 45724 | Vaults:5 | 45724 ||| INVOKING Finesse.
 45742 | Vaults:5 | Killed an ancient lich
 45759 | Vaults:5 | 45759 ||| Stepping randomly (disturbance).
 45853 | Vaults:5 | 45853 ||| Stepping ~*~*~tactically~*~*~ (hiding).
 45870 | Vaults:5 | 45870 ||| Stepping randomly (cloudy).
 45871 | Vaults:5 | 45871 ||| Stepping randomly (cloudy).
 45913 | Vaults:5 | Identified the +0 scale mail "Jukytock" {Harm Str+5}
 45926 | Vaults:5 | 45926 ||| Stepping ~*~*~tactically~*~*~ (stealth).
 45927 | Vaults:5 | 45927 ||| INVOKING Heroism.
 45960 | Vaults:5 | Identified the +0 leather armour "Kal Wois" {rPois Regen+}
 45985 | Vaults:5 | Identified the ring "Sichuipp" {rElec rF+ rN+ Str+3 Stlth+}
 46019 | Vaults:5 | 46019 ||| INVOKING Heroism.
 46091 | Vaults:5 | 46091 ||| Stepping ~*~*~tactically~*~*~ (hiding).
 46094 | Vaults:5 | 46094 ||| Stepping ~*~*~tactically~*~*~ (hiding).
 46119 | Vaults:5 | Found the +4 skin of Zhor {*Englaciate rC+++ SInv}
 46271 | Vaults:5 | 46271 ||| INVOKING Heroism.
 46272 | Vaults:5 | 46272 ||| INVOKING Finesse.
 46650 | Vaults:5 | 46650 ||| INVOKING Heroism.
 46694 | Vaults:5 | 46694 ||| PLANNING SHOPPING SPREE
 46694 | Vaults:5 | 46694 ||| DROPPING +1 pair of boots of flying.
 46695 | Vaults:5 | 46695 ||| DROPPING +1 plate armour of cold resistance.
 46696 | Vaults:5 | 46696 ||| DROPPING +2 hat.
 46697 | Vaults:5 | 46697 ||| DROPPING +1 scale mail of Okawaru's Benevolence
                  | {rF+ rCorr}.
 46698 | Vaults:5 | 46698 ||| DROPPING +0 ice dragon scales.
 46699 | Vaults:5 | 46699 ||| UPGRADING to +9 plate armour of Okawaru,
                  | Protecting {Rampage rN+ rCorr}.
 46709 | Vaults:5 | 46709 ||| DROPPING +6 plate armour of willpower.
 47034 | D:3      | 47034 ||| BUYING scroll of brand weapon (123 gold).
 47034 | D:3      | Bought a scroll of brand weapon for 123 gold pieces
 47034 | D:3      | 47034 ||| BUYING scroll of teleportation (39 gold).
 47034 | D:3      | Bought a scroll of teleportation for 39 gold pieces
 47091 | D:1      | 47091 ||| BUYING +5 ring of evasion (715 gold).
 47091 | D:1      | Bought a +5 ring of evasion for 715 gold pieces
 47091 | D:1      | 47091 ||| BUYING +8 ring of strength (715 gold).
 47091 | D:1      | Bought a +8 ring of strength for 715 gold pieces
 47091 | D:1      | 47091 ||| BUYING ring "Bideon" {rElec rPois rC++ Str+6
                  | Int-4} (822 gold).
 47091 | D:1      | Bought the ring "Bideon" {rElec rPois rC++ Str+6 Int-4} for
                  | 822 gold pieces
 47091 | D:1      | 47091 ||| BUYING ring "Qupnaq" {Fly rC+ Dex-2 SInv} (443
                  | gold).
 47091 | D:1      | Bought the ring "Qupnaq" {Fly rC+ Dex-2 SInv} for 443 gold
                  | pieces
 47091 | D:1      | 47091 ||| UPGRADING to +5 ring of evasion.
 47093 | D:1      | 47093 ||| UPGRADING to +8 ring of strength.
 47095 | D:1      | 47095 ||| DROPPING +4 ring of protection.
 47096 | D:1      | 47096 ||| DROPPING ring of protection from cold.
 47097 | D:1      | 47097 ||| DROPPING +4 ring of evasion.
 47098 | D:1      | 47098 ||| PLANNING ZOT:1-4
 47495 | Zot:1    | Entered Level 1 of the Realm of Zot
 47503 | Zot:1    | 47503 ||| INVOKING Heroism.
 47511 | Zot:1    | Reached XP level 24. HP: 168/168 MP: 29/30
 47545 | Zot:1    | 47545 ||| INVOKING Heroism.
 47555 | Zot:1    | Received a gift from Okawaru
 47723 | Zot:1    | 47723 ||| INVOKING Heroism.
 48436 | Zot:1    | 48436 ||| UPGRADING to ring "Sichuipp" {rElec rF+ rN+ Str+3
                  | Stlth+}.
 48438 | Zot:1    | 48438 ||| UPGRADING to +5 ring of evasion.
 48724 | Zot:2    | 48724 ||| INVOKING Heroism.
 48821 | Zot:2    | 48821 ||| Stepping ~*~*~tactically~*~*~ (hiding).
 48824 | Zot:2    | 48824 ||| Stepping ~*~*~tactically~*~*~ (hiding).
 48972 | Zot:2    | 48972 ||| INVOKING Heroism.
 49000 | Zot:2    | 49000 ||| Stepping ~*~*~tactically~*~*~ (hiding).
 49004 | Zot:2    | 49004 ||| INVOKING Heroism.
 49009 | Zot:2    | Identified the +1 steam dragon scales of Bitterness {Regen+
                  | Dex+4} (Okawaru gifted it to you on level 2 of the Realm of
                  | Zot)
 49009 | Zot:2    | Received a gift from Okawaru
 49297 | Zot:3    | 49297 ||| INVOKING Heroism.
 49515 | Zot:3    | Identified the +9 lajatang of the Hierophant {flame, rF+
                  | rN+}
 49522 | Zot:3    | 49522 ||| INVOKING Heroism.
 49576 | Zot:3    | 49576 ||| INVOKING Heroism.
 49610 | Zot:3    | 49610 ||| INVOKING Heroism.
 49625 | Zot:3    | Reached skill level 23 in Fighting
 49785 | Zot:3    | 49785 ||| Stepping ~*~*~tactically~*~*~ (hiding).
 50074 | Zot:3    | Noticed a Killer Klown
 50075 | Zot:3    | 50075 ||| INVOKING Heroism.
 50076 | Zot:3    | 50076 ||| INVOKING Finesse.
 50079 | Zot:3    | 50079 ||| Stepping ~*~*~tactically~*~*~ (hiding).
 50088 | Zot:3    | Killed a Killer Klown
 50132 | Zot:3    | 50132 ||| INVOKING Heroism.
 50181 | Zot:3    | 50181 ||| Stepping ~*~*~tactically~*~*~ (hiding).
 50201 | Zot:3    | 50201 ||| Stepping ~*~*~tactically~*~*~ (stealth).
 50205 | Zot:3    | 50205 ||| INVOKING Heroism.
 50238 | Zot:3    | 50238 ||| Stepping randomly (disturbance).
 50416 | Zot:3    | 50416 ||| INVOKING Heroism.
 50918 | Zot:4    | 50918 ||| Stepping ~*~*~tactically~*~*~ (hiding).
 50919 | Zot:4    | 50919 ||| INVOKING Heroism.
 50980 | Zot:4    | Reached skill level 24 in Fighting
 50990 | Zot:4    | Identified the +7 battleaxe of Letihiz {chaos, Fly rN+
                  | Str+2 Int-5} (Okawaru gifted it to you on level 4 of the
                  | Realm of Zot)
 50990 | Zot:4    | Received a gift from Okawaru
 50991 | Zot:4    | 50991 ||| Stepping ~*~*~tactically~*~*~ (hiding).
 50992 | Zot:4    | 50992 ||| Stepping ~*~*~tactically~*~*~ (hiding).
 50995 | Zot:4    | 50995 ||| INVOKING Heroism.
 50996 | Zot:4    | Noticed a curse toe
 51024 | Zot:4    | Reached XP level 25. HP: 170/178 MP: 8/30
 51163 | Zot:4    | 51163 ||| INVOKING Heroism.
 51307 | Zot:4    | Identified the +2 ring mail of Divine Compulsion {+Blink
                  | Str+2 Dex-3}
 51358 | Zot:4    | 51358 ||| Stepping ~*~*~tactically~*~*~ (hiding).
 51359 | Zot:4    | 51359 ||| Stepping ~*~*~tactically~*~*~ (hiding).
 51384 | Zot:4    | 51384 ||| INVOKING Heroism.
 51835 | Zot:4    | 51835 ||| INVOKING Heroism.
 51921 | Zot:4    | 51921 ||| PLANNING THE SHINING ONE WORSHIP
 51921 | Zot:4    | 51921 ||| UPGRADING to ring "Bideon" {rElec rPois rC++
                  | Str+6 Int-4}.
 51923 | Zot:4    | 51923 ||| UPGRADING to +8 ring of strength.
 52481 | Temple   | Fell from the grace of Okawaru
 52481 | Temple   | Became a worshipper of the Shining One
 52482 | Temple   | 52482 ||| PLANNING CRYPT
 52760 | Crypt:1  | Entered Level 1 of the Crypt
 52783 | Crypt:1  | Was placed under penance by the Shining One
 52849 | Crypt:1  | Fell from the grace of the Shining One
 52900 | Crypt:1  | 52900 ||| PLANNING OKAWARU WORSHIP
 52900 | Crypt:1  | 52900 ||| DROPPING 7 potions of magic.
 53197 | Depths:4 | Became a worshipper of Warmaster Okawaru
 53198 | Depths:4 | 53198 ||| PLANNING CRYPT
 53486 | Crypt:1  | 53486 ||| Stepping ~*~*~tactically~*~*~ (stealth).
 53518 | Crypt:1  | HP: 43/178 [minotaur zombie (10)]
 53519 | Crypt:1  | 53519 ||| READING 19 scrolls of teleportation.
 53520 | Crypt:1  | 53520 ||| DRINKING 11 potions of heal wounds.
 53525 | Crypt:1  | HP: 39/178 [+3 demon trident of pain (17)]
 53526 | Crypt:1  | 53526 ||| READING 18 scrolls of teleportation.
 53527 | Crypt:1  | 53527 ||| DRINKING 10 potions of heal wounds.
 53542 | Crypt:1  | Paralysed by something for 4 turns
 53543 | Crypt:1  | HP: 40/178 [something (5)]
 53547 | Crypt:1  | 53547 ||| READING 17 scrolls of teleportation.
 53548 | Crypt:1  | 53548 ||| DRINKING 9 potions of heal wounds.
 53663 | Crypt:1  | 53663 ||| Invisible monster not found???
 53972 | Crypt:1  | 53972 ||| Stepping ~*~*~tactically~*~*~ (stealth).
 53986 | Crypt:1  | Noticed Xtahua
 53987 | Crypt:1  | 53987 ||| DRINKING 5 potions of resistance.
 54005 | Crypt:1  | Killed Xtahua
 54434 | Crypt:1  | You are sucked into a shaft and drop 1 floor!
 54481 | Crypt:2  | Found a transporter.
 54485 | Crypt:2  | Found a transporter.
 54486 | Crypt:2  | Noticed Ulecsuczon's ghost (veteran MiGl)
 54486 | Crypt:2  | Noticed Hali's ghost (veteran FoFi)
 54508 | Crypt:2  | Noticed Jetyrhek's ghost (veteran GrEE)
 54520 | Crypt:2  | 54520 ||| Stepping ~*~*~tactically~*~*~ (hiding).
 54524 | Crypt:2  | 54524 ||| INVOKING Heroism.
 54533 | Crypt:2  | 54533 ||| Stepping ~*~*~tactically~*~*~ (stealth).
 54889 | Crypt:1  | Paralysed by something for 3 turns
 55104 | Crypt:2  | 55104 ||| Stepping ~*~*~tactically~*~*~ (hiding).
 55125 | Crypt:2  | 55125 ||| Stepping ~*~*~tactically~*~*~ (stealth).
 55313 | Crypt:2  | Reached skill level 25 in Fighting
 55356 | Crypt:2  | 55356 ||| INVOKING Heroism.
 55413 | Crypt:2  | 55413 ||| Stepping ~*~*~tactically~*~*~ (stealth).
 55453 | Crypt:2  | 55453 ||| Stepping ~*~*~tactically~*~*~ (cloud).
 55730 | Crypt:2  | 55730 ||| Stepping ~*~*~tactically~*~*~ (hiding).
 55732 | Crypt:2  | 55732 ||| Stepping ~*~*~tactically~*~*~ (hiding).
 56032 | Crypt:3  | Entered Level 3 of the Crypt
 56033 | Crypt:3  | 56033 ||| INVOKING Heroism.
 56058 | Crypt:3  | Reached skill level 9 in Dodging
 56122 | Crypt:3  | Identified the +7 great sword of Qaberuato {spect, Str-4
                  | Dex+7}
 56134 | Crypt:3  | 56134 ||| Stepping ~*~*~tactically~*~*~ (hiding).
 56236 | Crypt:3  | 56236 ||| Stepping ~*~*~tactically~*~*~ (hiding).
 56243 | Crypt:3  | 56243 ||| Stepping ~*~*~tactically~*~*~ (hiding).
 56295 | Crypt:3  | Identified the ring "Malaef" {Will+ Str+6 SInv}
 56358 | Crypt:3  | 56358 ||| INVOKING Heroism.
 56449 | Crypt:3  | 56449 ||| INVOKING Heroism.
 56581 | Crypt:3  | 56581 ||| INVOKING Heroism.
 56611 | Crypt:3  | 56611 ||| Stepping ~*~*~tactically~*~*~ (hiding).
 56629 | Crypt:3  | 56629 ||| INVOKING Heroism.
 56676 | Crypt:3  | 56676 ||| INVOKING Heroism.
 56756 | Crypt:3  | 56756 ||| Stepping ~*~*~tactically~*~*~ (hiding).
 56762 | Crypt:3  | Reached skill level 26 in Fighting
 56827 | Crypt:3  | 56827 ||| Stepping ~*~*~tactically~*~*~ (stealth).
 56829 | Crypt:3  | 56829 ||| Stepping ~*~*~tactically~*~*~ (hiding).
 56834 | Crypt:3  | Noticed an ancient lich
 56835 | Crypt:3  | 56835 ||| INVOKING Heroism.
 56844 | Crypt:3  | Found a basalt altar of Yredelemnul.
 56854 | Crypt:3  | Killed an ancient lich
 56855 | Crypt:3  | Reached XP level 26. HP: 90/190 MP: 30/30
 57114 | Crypt:3  | Found an ancient bone altar of Kikubaaqudgha.
 57296 | Crypt:3  | Found a staircase to the Tomb.
 57304 | Crypt:3  | 57304 ||| INVOKING Heroism.
 57307 | Crypt:3  | 57307 ||| DROPPING amulet of guardian spirit.
 57459 | Crypt:3  | 57459 ||| PLANNING TOMB
 57459 | Crypt:3  | 57459 ||| UPGRADING to ring "Malaef" {Will+ Str+6 SInv}.
 57511 | Tomb:1   | Entered Level 1 of the Tomb of the Ancients
 57512 | Tomb:1   | 57512 ||| INVOKING Heroism.
 57545 | Tomb:1   | 57545 ||| READING scroll of acquirement.
 57545 | Tomb:1   | 57545 ||| ACQUIRING ring of Ishreitz {Fire rCorr Int-5
                  | Dex+2}
 57545 | Tomb:1   | Acquired the ring of Ishreitz {Fire rCorr Int-5 Dex+2}
 57581 | Tomb:1   | 57581 ||| INVOKING Heroism.
 57756 | Tomb:1   | 57756 ||| INVOKING Heroism.
 57757 | Tomb:1   | Paralysed by a sphinx for 4 turns
 57809 | Tomb:1   | 57809 ||| Stepping ~*~*~tactically~*~*~ (stealth).
 58000 | Tomb:1   | 58000 ||| Stepping randomly (cloudy).
 58003 | Tomb:1   | 58003 ||| INVOKING Heroism.
 58038 | Tomb:1   | Noticed a royal mummy
 58051 | Tomb:1   | Noticed a royal mummy
 58052 | Tomb:1   | HP: 31/192 [ancient champion/iron shot (20)]
 58053 | Tomb:1   | 58053 ||| READING 16 scrolls of teleportation.
 58053 | Tomb:1   | HP: 7/192 [emperor scorpion[a royal mummy] (13)]
 58053 | Tomb:1   | Killed from afar by a royal mummy

Levels and vault maps discovered:
D:1:      wheals_arrival_shading, layout_rooms, serial_glass, glass_columns_c,
          glass_columns_a, glass_columns_b, glass_columns_c, glass_columns_a,
          glass_columns_a, glass_columns_a, glass_columns_c,
          nicolae_shop_unique_rings, minmay_misc_feat_alley
D:2:      layout_loops_cross, dreamdust_ecumenical_altar_drowned_temple,
          grunt_ministairs_2, uniq_natasha
D:3:      layout_loops_ring, serial_shops, shop, uniq_robin
D:4:      layout_gridville, ebering_ghost_sewer_f, kennysheep_diamond,
          chequers_serial_rivers_large_b
D:5:      layout_gridville, minmay_temple_entry_glass
D:6:      layout_cave_pools, gup_ossuary_entry_pyramid,
          minmay_misc_feat_encased, minmay_misc_feat_ornament
D:7:      layout_basic, serial_shops, nicolae_shop_waterfront
D:8:      layout_layer_cave, enter_bailey_5, minmay_stone_trees_medium
D:9:      layout_cave_pools, grunt_lair_entry_orc_guard_hut
D:10:     layout_rooms, amcnicky_altar_gilded, minmay_misc_feat_secret_circle
D:11:     minmay_ornate_pinched, layout_rooms, kennysheep_cross_room,
          minmay_strange_pillars, serial_bayou_lagoon_b, uniq_josephine
D:12:     layout_irregular_city, orc_0_dummy, serial_shops,
          nicolae_shop_bloodbath_and_beyond, uniq_sonja
D:13:     layout_roguey, david_vaults_1, ebering_ghost_xom
D:14:     minmay_tile_spiral, layout_basic, doesnt_xom_only_xom, drop_trap
D:15:     grunt_enter_depths_snipers, layout_stronghold
Temple:   kilobyte_greek_temple
Lair:1:   layout_cave_pods, nicolae_quartered_pool_super
Lair:2:   layout_roguey, guppyfry_snake_entry_island, serial_bayou_shore_a
Lair:3:   layout_hall_layers, nicolae_swamp_entry_splash_gauntlet, wad_woods_03,
          lemuel_fruit_fields
Lair:4:   layout_cave_pods, serial_bayou_shore_b, grunt_megastairs_1,
          infiniplex_staircase_pool_2
Lair:5:   hellmonk_lair_end_abyssal_woods, layout_regular_city, slime_entry_2,
          uniq_kirke
Swamp:1:  layout_basic_swamp, hangedman_swamp_lotus, st_swamp_ruins_3
Swamp:2:  layout_basic_swamp, hangedman_swamp_blocks, swamp_pool1,
          uniq_mlioglotl, uniq_aizul, uniq_nikola
Swamp:3:  layout_basic_swamp, evilmike_swamp_ruin_house_5,
          infiniplex_staircase_pool
Swamp:4:  byrel_swamp_growth_death_and_undeath, layout_basic_swamp
Snake:1:  layout_misc_corridors, minmay_shoptagon, grunt_megastairs_2
Snake:2:  layout_grid_maze, gammafunk_ghost_grave, serial_bayou_pond_b,
          nicolae_snake_snakes_in_the_grass, grunt_megastairs_4,
          lemuel_fruit_tree, uniq_agnes
Snake:3:  layout_layer_cave, st_stairs_5, nicolae_snake_biting_tails, drop_trap,
          nicolae_shop_sticking_my_neck_out, uniq_vashnia, uniq_roxanne
Snake:4:  johnstein_snake_rune_scales, layout_chambers, serial_shops,
          nicolae_shop_crystal, hangedman_snake_corridor_split,
          serial_bayou_shore_b
Orc:1:    emtedronai_trogs_sanctum, layout_caves, basic_altar,
          portal_ice_cave_entry_pillars_2, nicolae_shop_clearance
Orc:2:    st_orc_ogre_mass, layout_diamond_mine, uniq_donald
Vaults:1: ontoclasm_vaults_gateway, v_misc_17, vaults_dpeg_doors,
          hangedman_vaults_stream, st_diamondy, ontoclasm_vaults_tryst,
          v_misc_22, vaults_room_hallway, v_misc_13, vaults_room_hallway,
          v_pattern_1, hangedman_vaults_corner, v_misc_11, v_misc_24,
          layout_vaults_omnibox
Vaults:2: v_misc_10, v_pattern_4, hangedman_vaults_variations,
          vaults_mumra_chevron_long, dpeg_vaults_monster_box,
          layout_vaults_omnigrid
Vaults:3: mu_enter_wizlab_6, minmay_crypt_entry_simple_corners, v_pattern_2,
          ontoclasm_vaults_loading_screen, nicolae_vaults_network_quinsquares
          [nicolae_vaults_network_quincunx_subvault,
          nicolae_vaults_network_quincunx_subvault,
          nicolae_vaults_network_quincunx_subvault,
          nicolae_vaults_network_quincunx_subvault], vaults_room_door_ring,
          nicolae_vaults_border_crossing, grunt_vaults_hallway_short,
          layout_vaults_chaotic_city, serial_shops, shop, uniq_margery
Vaults:4: nicolae_vaults_twisting_passages, nicolae_vaults_mini_display_case,
          hangedman_vaults_nodes, v_misc_33, nicolae_vaults_circle_grid_b,
          vaults_room_corners, ontoclasm_vaults_hangar,
          grunt_vaults_hallway_short, grunt_vaults_hallway_short,
          hangedman_vaults_pinch, v_misc_13, vaults_room_pools,
          vaults_dpeg_ring, layout_vaults_ring
Vaults:5: uniq_mennas
Crypt:1:  layout_catacombs, nicolae_danse_macabre, uniq_xtahua
Crypt:2:  layout_chaotic_city, nzn_ghost_randoct, minicrypt_bobbens,
          grunt_megastairs_5
Crypt:3:  lightli_unholy_cathedral, layout_chaotic_city
Tomb:1
Depths:1: layout_roguey, abyss_entry_crystal, grunt_hell_entry_dis_grunt,
          kennysheep_nondescript, grunt_absolute_annihilation
Depths:2: minmay_bloctagon, layout_cave_pools, lemuel_doored_altar,
          pf_hell_entry_tar_spiral, rand_demon_pan_entry_7,
          nicolae_uskayaw_dance_hall
Depths:3: minmay_outward_triangles, layout_basic, hell_entry,
          marbit_kobold_abyss_entry, nzn_hepliaklqana_mist_gate,
          gammafunk_ghost_necromancy, serial_shops, nicolae_lakefront_shop,
          infiniplex_staircase_zigzag_2
Depths:4: grunt_zot_entry_gee_three, layout_basic, enter_ziggurat_b,
          okawaru_trees_2, hell_entry, minmay_checkered_concentric_circles
Zot:1:    layout_gridlike
Zot:2:    layout_twisted_circle
Zot:3:    infiniplex_zot_generator, layout_misc_corridors
Zot:4:    layout_gridville

Skill      XL: |  1  2  3  4  5  6  7  8  9 10 11 12 13 14 15 16 17 18 19 20 21 22 23 24 25 |
---------------+----------------------------------------------------------------------------+-----
Axes           | 2 3 4 5 6 7 8 10 11 13 15 17 18 | 18.0
Fighting       | 4 5 6 7 8 9 10 11 12 13 14 15 16 18 19 21 22 24 26 | 26.6
Dodging        | 1 2 3 4 5 6 7 9 |  9.0
Invocations    | 4 6 10 | 10.6
Armour         | 4 5 6 7 9 10 11 12 13 15 16 17 19 20 21 22 | 22.0
Shields        | 4 5 6 7 11 15 17 18 19 20 21 22 | 22.0
Throwing       | 1 2 3 8 9 10 11 13 14 | 14.0

Action                   |  1- 3 |  4- 6 |  7- 9 | 10-12 | 13-15 | 16-18 | 19-21 | 22-24 | 25-27 || total
-------------------------+-------+-------+-------+-------+-------+-------+-------+-------+-------++-------
Melee: War axe           |   104 |   203 |    36 |       |       |       |       |       |       ||   343
       Broad axe         |       |       |   170 |   382 |   871 |  1412 |  1356 |  1580 |   821 ||  6592
Throw: Boomerang         |       |     2 |     9 |    59 |   102 |    83 |    28 |    25 |    58 ||   366
       Javelin           |       |       |       |       |       |    22 |    96 |    79 |    69 ||   266
Invok: Heroism           |       |       |     9 |    25 |    30 |    51 |    42 |    42 |    17 ||   216
       Finesse           |       |       |       |     4 |     8 |    12 |    15 |    13 |       ||    52
  Use: Scroll            |     6 |    10 |    12 |     4 |     5 |    10 |     2 |     1 |     5 ||    55
       Potion            |       |       |     2 |       |     1 |     4 |     4 |     1 |     4 ||    16
 Stab: Distracted        |       |       |       |       |       |     1 |     1 |       |       ||     2
Armor: Scale mail        |    49 |   103 |    31 |       |       |       |       |       |       ||   183
       Chain mail        |       |       |    65 |    41 |       |       |       |       |       ||   106
       Plate armour      |       |       |       |   124 |   512 |   822 |   370 |   589 |   303 ||  2720
Dodge: Dodged            |    58 |    74 |    69 |   100 |   252 |   468 |   283 |   398 |   185 ||  1887
Block: Buckler           |    19 |    39 |    46 |    67 |    89 |       |       |       |       ||   260
       Tower shield      |       |       |       |       |   291 |  1498 |  1569 |  1818 |  1006 ||  6182
       Reflection        |       |       |       |       |       |    85 |   110 |    72 |     4 ||   271

Table legend:
 A = Non-vault XP
 B = Vault XP
 C = Vault XP percentage of total XP
 D = Non-vault monster count
 E = Vault monster count
 F = Vault count percentage of total count
                 A         B        C        D         E       F
            +---------+---------+-------+---------+---------+-------
      Total |  655535 |  480959 |  42.3 |    1325 |     680 |  33.9
            +---------+---------+-------+---------+---------+-------
        D:1 |      23 |       0 |   0.0 |      12 |       0 |   0.0
        D:2 |     157 |      40 |  20.3 |      31 |       4 |  11.4
        D:3 |     113 |      37 |  24.7 |      26 |      12 |  31.6
        D:4 |     118 |      12 |   9.2 |       8 |       3 |  27.3
        D:5 |     641 |       0 |   0.0 |      18 |       0 |   0.0
        D:6 |    1171 |      18 |   1.5 |      27 |       1 |   3.6
        D:7 |     860 |       0 |   0.0 |      22 |       0 |   0.0
        D:8 |    3704 |       7 |   0.2 |      34 |       4 |  10.5
        D:9 |     942 |     496 |  34.5 |      10 |       4 |  28.6
       D:10 |    2117 |       0 |   0.0 |      13 |       0 |   0.0
       D:11 |    4982 |    7757 |  60.9 |      26 |      19 |  42.2
       D:12 |    5975 |     778 |  11.5 |      24 |       1 |   4.0
       D:13 |    4432 |     966 |  17.9 |       9 |       2 |  18.2
       D:14 |    7126 |    8687 |  54.9 |      22 |      12 |  35.3
       D:15 |    3817 |    2672 |  41.2 |       5 |       3 |  37.5
     Lair:1 |    4299 |       0 |   0.0 |      17 |       0 |   0.0
     Lair:2 |    6022 |     316 |   5.0 |      24 |       2 |   7.7
     Lair:3 |    3393 |    1574 |  31.7 |      13 |       4 |  23.5
     Lair:4 |   10482 |     328 |   3.0 |      37 |       1 |   2.6
     Lair:5 |    8822 |   13171 |  59.9 |      28 |      47 |  62.7
    Swamp:1 |   14125 |    5368 |  27.5 |      34 |       7 |  17.1
    Swamp:2 |    8969 |    5383 |  37.5 |      22 |       3 |  12.0
    Swamp:3 |    7412 |       0 |   0.0 |      15 |       0 |   0.0
    Swamp:4 |   11231 |   24767 |  68.8 |      23 |      38 |  62.3
    Snake:1 |   20409 |    2465 |  10.8 |      38 |       7 |  15.6
    Snake:2 |   14894 |   11470 |  43.5 |      26 |      22 |  45.8
    Snake:3 |   32309 |   10379 |  24.3 |      58 |      10 |  14.7
    Snake:4 |   21723 |   26763 |  55.2 |      51 |      51 |  50.0
      Orc:1 |    3559 |       0 |   0.0 |      43 |       0 |   0.0
      Orc:2 |    1691 |   19559 |  92.0 |      25 |      41 |  62.1
   Vaults:1 |   41605 |   21244 |  33.8 |      75 |      31 |  29.2
   Vaults:2 |   22512 |   10899 |  32.6 |      36 |      14 |  28.0
   Vaults:3 |   18005 |   23507 |  56.6 |      27 |      29 |  51.8
   Vaults:4 |   34865 |   37710 |  52.0 |      49 |      45 |  47.9
   Vaults:5 |   18468 |   89552 |  82.9 |      28 |      82 |  74.5
    Crypt:1 |   27655 |    7687 |  21.8 |      38 |       7 |  15.6
    Crypt:2 |   12395 |   16339 |  56.9 |      22 |      24 |  52.2
    Crypt:3 |   23732 |   34018 |  58.9 |      39 |      34 |  46.6
     Tomb:1 |   14703 |    9738 |  39.8 |      29 |      11 |  27.5
   Depths:1 |   22218 |    8756 |  28.3 |      30 |      10 |  25.0
   Depths:2 |   13692 |   13119 |  48.9 |      18 |      16 |  47.1
   Depths:3 |   24375 |    8564 |  26.0 |      30 |       8 |  21.1
   Depths:4 |   43955 |   27167 |  38.2 |      52 |      22 |  29.7
      Zot:1 |   32247 |       0 |   0.0 |      22 |       0 |   0.0
      Zot:2 |   12833 |       0 |   0.0 |      13 |       0 |   0.0
      Zot:3 |   48413 |   29378 |  37.8 |      41 |      34 |  45.3
      Zot:4 |   38011 |       0 |   0.0 |      34 |       0 |   0.0
    Abyss:2 |     333 |       0 |   0.0 |       1 |       0 |   0.0
    Ossuary |       0 |     268 | 100.0 |       0 |      15 | 100.0
            +---------+---------+-------+---------+---------+-------
